 Dungeon Crawl Stone Soup version 0.23-a0-143-g1adec7bb76 (webtiles) character file.

19106106 Yermak the Lord of Darkness (level 27, 302/302 HPs)
             Began as a Demonspawn Wanderer on Aug 31, 2018.
             Was the Champion of Kikubaaqudgha.
             Escaped with the Orb
             ... and 15 runes on Sept 1, 2018!
             The game lasted 06:53:51 (80233 turns).

Yermak the Lord of Darkness (Demonspawn Wanderer)  Turns: 80233, Time: 06:53:52

Health: 302/302    AC: 37    Str: 25    XL:     27
Magic:  43/43      EV: 32    Int: 19    God:    Kikubaaqudgha [******]
Gold:   1426       SH: 19    Dex: 27    Spells: 0/59 levels left

rFire    + + +     SeeInvis +   a - +9 demon trident (elec)
rCold    + . .     Gourm    .   f - +2 shield of Resistance {rF+ rC+ MR+}
rNeg     + + .     Faith    .   i - +5 pearl dragon scales
rPois    +         Spirit   .   (helmet unavailable)
rElec    +         Reflect  .   n - +2 cloak of Cheibriados's Hope {rElec rF+}
rCorr    .         Harm     .   V - +2 pair of gloves
MR       +++..     Clarity  +   G - +0 pair of boots of Absence {Int-3 Slay+5}
Stlth    ++........             t - amulet "Azemixkytump" {Acrobat rF+ Dex+5 Stlth+}
HPRegen  0.60/turn              s - ring of the Hero {rC- rN+ Str+7 SInv, =R}
MPRegen  0.28/turn              L - ring of the Garden {Ice Int+6 Dex+2}

@: deflect missiles
A: beak, hooves 1, horns 3, molten scales 3, clarity, foul stench 2, sense
surroundings 1, poison resistance, powered by pain 3, robust 3, strong 1, rot
immunity
0: Orb of Zot
}: 15/15 runes: decaying, serpentine, slimy, silver, golden, iron, obsidian,
icy, bone, abyssal, demonic, glowing, magical, fiery, dark
a: Receive Corpses, Torment, Renounce Religion


You escaped.
You worshipped Kikubaaqudgha.
Kikubaaqudgha was exalted by your worship.
You were full.

You visited 18 branches of the dungeon, and saw 90 of its levels.
You visited Pandemonium 3 times, and saw 16 of its levels.
You visited the Abyss 2 times.
You visited 1 bazaar.
You also visited: Labyrinth and Bailey.

You collected 10650 gold pieces.
You spent 9224 gold pieces at shops.

Inventory:

Hand Weapons
 a - a +9 demon trident of electrocution (weapon)
 b - a +9 demon trident of pain
 w - a +9 vampiric demon trident
Missiles
 Z - 14 throwing nets (quivered)
Armour
 f - the +2 shield of Resistance (worn) {rF+ rC+ MR+}
   (You took it off a deep elf demonologist on level 3 of the Elven Halls)

   It protects you from fire.
   It protects you from cold.
   It affects your resistance to hostile enchantments.
 i - +5 pearl dragon scales (worn)
 j - +9 ice dragon scales
 n - the +2 cloak of Cheibriados's Hope (worn) {rElec rF+}
   (You acquired it on level 5 of the Vaults)

   It protects you from fire.
   It insulates you from electricity.
 G - the +0 pair of boots of Absence (worn) {Int-3 Slay+5}
   (You acquired it on level 13 of the Dungeon)

   It affects your intelligence (-3).
   It affects your accuracy and damage with ranged weapons and melee attacks
   (+5).
 V - a +2 pair of gloves (worn)
Jewellery
 m - the ring "Xyavejuh" {MR+ Int+3}
   (You bought it in a shop on level 2 of the Orcish Mines)

   [ring of protection from magic]

   It affects your intelligence (+3).
   It affects your resistance to hostile enchantments.
 p - a +4 ring of protection
 s - the ring of the Hero (left hand) {rC- rN+ Str+7 SInv, =R}
   (You found it on level 2 of the Depths)

   [ring of positive energy]

   It affects your strength (+7).
   It makes you vulnerable to cold.
   It protects you from negative energy.
   It lets you see invisible.
 t - the amulet "Azemixkytump" (around neck) {Acrobat rF+ Dex+5 Stlth+}
   (You bought it in a shop on level 3 of the Vaults)

   [amulet of the acrobat]

   It helps you evade while moving and waiting.
   It affects your dexterity (+5).
   It protects you from fire.
   It makes you more stealthy.
 L - the ring of the Garden (right hand) {Ice Int+6 Dex+2}
   (You found it on level 3 of the Crypt)

   [ring of ice]

   It enhances your ice magic.
   It affects your intelligence (+6).
   It affects your dexterity (+2).
   It makes you vulnerable to fire.
   It protects you from cold.
Wands
 A - a wand of acid (20)
 D - a wand of digging (29)
 E - a wand of enslavement (50)
 I - a wand of iceblast (57)
 O - a wand of clouds (13)
 P - a wand of paralysis (39)
Scrolls
 e - 8 scrolls of immolation
 g - 6 scrolls of summoning
 l - 4 scrolls of silence
 v - 14 scrolls of fear
 B - 5 scrolls of blinking
 C - 7 scrolls of fog
 M - 8 scrolls of magic mapping
 N - 25 scrolls of remove curse
 R - 25 scrolls of identify
 T - 20 scrolls of teleportation
Potions
 d - 14 potions of magic
 h - 4 potions of resistance
 k - 2 potions of cancellation
 r - 11 potions of agility
 u - 8 potions of might
 x - 6 potions of invisibility
 y - 7 potions of flight
 F - 19 potions of heal wounds
 H - 6 potions of haste
 K - 8 potions of brilliance
 Q - 41 potions of curing
 S - 9 potions of mutation {!q}
 W - 7 potions of ambrosia
Miscellaneous
 c - the horn of Geryon
 q - 8 phantom mirrors
 J - a lightning rod (4/4)
 U - 2 boxes of beasts
 X - a phial of floods
 Y - a lamp of fire
Comestibles
 z - 32 rations


   Skills:
 + Level 22.8 Fighting
 - Level 18.6(18.7) Polearms
   Level 3.0(12.9) Staves
   Level 2.6 Bows
   Level 2.0 Crossbows
 + Level 19.7 Armour
 + Level 22.4 Dodging
 - Level 10.0 Stealth
 - Level 17.9 Shields
 - Level 16.5 Spellcasting
 - Level 7.0 Hexes
 - Level 18.0 Charms
 - Level 5.0 Summonings
 - Level 25.0 Necromancy
 - Level 9.1 Translocations
 - Level 2.0 Transmutations
 - Level 12.0 Air Magic
 - Level 10.0 Earth Magic
 - Level 10.0 Evocations


You couldn't memorise any spells.
You knew the following spells:

 Your Spells              Type           Power        Failure   Level  Hunger
a - Pain                  Necr           ####         0%          1    None
b - Animate Skeleton      Necr           N/A          0%          1    None
c - Passwall              Tmut/Erth      #####...     1%          2    None
d - Blink                 Tloc           N/A          1%          2    None
e - Lesser Beckoning      Tloc           ######....   1%          3    None
f - Deflect Missiles      Chrm/Air       ######....   2%          6    #####..
g - Apportation           Tloc           ######       1%          1    None
q - Infestation           Necr           #######...   1%          8    #######
v - Borgnjor's Vile Clut  Necr/Erth      ######....   1%          5    ###....
y - Song of Slaying       Chrm           ######..     0%          2    None
z - Passage of Golubria   Tloc           N/A          1%          4    None
E - Animate Dead          Necr           N/A          0%          4    None
L - Summon Lightning Spi  Summ/Air       #####...     2%          4    None
P - Death's Door          Chrm/Necr      #######...   7%          8    #######
R - Regeneration          Chrm/Necr      #######...   0%          3    None
W - Spectral Weapon       Hex/Chrm       ######..     1%          3    None
Z - Sublimation of Blood  Necr           #######...   0%          2    None

Your spell library contained the following spells:

 Spells                   Type           Power        Failure   Level  Hunger
 Infusion                 Chrm           ####         0%          1    None
 Vampiric Draining        Necr           #######...   0%          3    None
 Dispel Undead            Necr           #######.     0%          5    ###....
 Confusing Touch          Hex            #####.       1%          1    None
 Corona                   Hex            #####..      1%          1    None
 Sandblast                Erth           ######       1%          1    None
 Shock                    Conj/Air       ####         1%          1    None
 Summon Butterflies       Summ           ####....     1%          1    None
 Summon Small Mammal      Summ           ####         1%          1    None
 Call Imp                 Summ           ####....     1%          2    None
 Poisonous Vapours        Pois/Air       #####.       1%          2    None
 Shroud of Golubria       Chrm/Tloc      ######....   1%          2    None
 Slow                     Hex            #####...     1%          2    None
 Swiftness                Chrm/Air       ######..     1%          2    None
 Confuse                  Hex            #####...     1%          3    None
 Gell's Gravitas          Tloc           ######....   1%          3    None
 Ozocubu's Armour         Chrm/Ice       ######..     1%          3    None
 Recall                   Summ/Tloc      N/A          1%          3    None
 Static Discharge         Conj/Air       #####...     1%          3    None
 Summon Guardian Golem    Hex/Summ       #####...     1%          3    None
 Teleport Other           Tloc           ######..     1%          3    None
 Tukima's Dance           Hex            #####...     1%          3    None
 Airstrike                Air            ######....   1%          4    None
 Bolt of Draining         Conj/Necr      ######....   1%          5    ###....
 Excruciating Wounds      Chrm/Necr      #######...   1%          5    ###....
 Death Channel            Necr           #######...   1%          6    #####..
 Borgnjor's Revivificati  Necr           #######...   1%          8    #######
 Ensorcelled Hibernation  Hex/Ice        #####.       2%          2    None
 Call Canine Familiar     Summ           ####....     2%          3    None
 Stone Arrow              Conj/Erth      ####..       2%          3    None
 Leda's Liquefaction      Hex/Erth       #####.....   2%          4    None
 Lee's Rapid Deconstruct  Erth           ######....   3%          5    ###....
 Dazzling Spray           Conj/Hex       ####..       4%          3    None
 Mephitic Cloud           Conj/Pois/Air  ####....     4%          3    None
 Cause Fear               Hex            #####.....   4%          4    None
 Iskenderun's Battlesphe  Conj/Chrm      #####...     4%          5    ###....
 Silence                  Hex/Air        ######....   4%          5    ###....
 Petrify                  Tmut/Erth      #####...     6%          4    None
 Simulacrum               Ice/Necr       #######...   6%          6    #####..
 Flame Tongue             Conj/Fire      ###..        7%          1    None
 Freeze                   Ice            ###.         7%          1    None
 Magic Dart               Conj           ###.         7%          1    None
 Searing Ray              Conj           ###...       11%         2    None
 Throw Flame              Conj/Fire      ###...       11%         2    None
 Throw Frost              Conj/Ice       ###...       11%         2    None
 Force Lance              Conj/Tloc      ####....     11%         4    None
 Haunt                    Necr/Summ      ######....   13%         7    ######.
 Ignite Poison            Fire/Tmut/Pois ###.....     16%         3    None
 Fulminant Prism          Conj/Hex       ####......   17%         4    None
 Lightning Bolt           Conj/Air       #####.....   17%         5    ###....
 Summon Mana Viper        Hex/Summ       #####...     17%         5    ###....
 Conjure Flame            Conj/Fire      ###.....     22%         3    None
 Summon Ice Beast         Ice/Summ       #####...     26%         4    None
 Yara's Violent Unravell  Hex/Tmut       ####......   30%         5    ###....
 Metabolic Englaciation   Hex/Ice        #####.....   43%         5    ###....
 Bolt of Magma            Conj/Fire/Erth ####......   45%         5    ###....
 Darkness                 Hex            #####.....   52%         6    #####..
 Invisibility             Hex            #####...     52%         6    #####..
 Iskenderun's Mystic Bla  Conj           ###.....     56%         4    None
 Olgreb's Toxic Radiance  Pois           ###.....     56%         4    None
 Sticky Flame             Conj/Fire      ###.....     56%         4    None
 Throw Icicle             Conj/Ice       ###.....     56%         4    None
 Conjure Ball Lightning   Conj/Air       #####.....   67%         6    #####..
 Statue Form              Tmut/Erth      #####....    67%         6    #####..
 Alistair's Intoxication  Tmut/Pois      ###.....     78%         5    ###....
 Irradiate                Conj/Tmut      ###.......   78%         5    ###....
 Iron Shot                Conj/Erth      ####......   80%         6    #####..
 Shadow Creatures         Summ           N/A          80%         6    #####..
 Ring of Flames           Chrm/Fire      #####.....   83%         7    ######.
 Necromutation            Tmut/Necr      ######....   88%         8    #######
 Fireball                 Conj/Fire      ###.......   89%         5    ###....
 Venom Bolt               Conj/Pois      ###.......   89%         5    ###....
 Freezing Cloud           Conj/Ice/Air   #####.....   91%         6    #####..
 Malign Gateway           Summ/Tloc      #####.....   97%         7    ######.
 Hydra Form               Tmut           ###.......   99%         6    #####..
 Bolt of Fire             Conj/Fire      ###.......   100%        6    #####..
 Poison Arrow             Conj/Pois      ###.......   100%        6    #####..
 Dragon Form              Tmut           ###.......   100%        7    ######.
 Orb of Destruction       Conj           ###.......   100%        7    ######.
 Spellforged Servitor     Conj/Summ      ####......   100%        7    ######.
 Summon Hydra             Summ           ####......   100%        7    ######.
 Chain Lightning          Conj/Air       #####.....   100%        8    #######
 Discord                  Hex            #####.....   100%        8    #######
 Ignition                 Fire           ###.......   100%        8    #######
 Lehudib's Crystal Spear  Conj/Erth      ####......   100%        8    #######
 Dragon's Call            Summ           ####......   100%        9    #######
 Fire Storm               Conj/Fire      ###.......   100%        9    #######
 Glaciate                 Conj/Ice       ###.......   100%        9    #######
 Shatter                  Erth           ######....   100%        9    #######
 Tornado                  Air            ######....   100%        9    #######


Dungeon Overview and Level Annotations

Branches:
Dungeon (15/15)            Temple (1/1) D:4            Lair (6/6) D:8
  Swamp (4/4) Lair:2        Snake (4/4) Lair:2        Slime (5/5) Lair:5
    Orc (2/2) D:9             Elf (3/3) Orc:2        Vaults (5/5) D:13
  Crypt (3/3) Vaults:3       Tomb (3/3) Crypt:3      Depths (5/5) D:15
   Hell (1/1)                 Dis (7/7) Hell            Geh (7/7) Hell
    Coc (7/7) Hell            Tar (7/7) Hell            Zot (5/5) Depths:5

Altars:
Ashenzari
Cheibriados
Dithmenos
Elyvilon
Fedhas
Gozag
Hepliaklqana
Kikubaaqudgha
Makhleb
Nemelex Xobeh
Okawaru
Qazlal
Ru
Sif Muna
Trog
Uskayaw
Vehumet
Wu Jian
Xom
Yredelemnul
Zin
The Shining One
Beogh
Jiyva

Shops:
D:9 (   D:10 [   D:11 ::?   D:14 (   Orc:2 (}(=}   Vaults:3 =
Vaults:5 ?!%}?!!!!

Portals:
Hell: Depths:1 Depths:2 Depths:3 Depths:4 Depths:5
Abyss: Depths:2 Depths:3 Depths:4
Pandemonium: Depths:3
Ziggurat: Depths:2

Annotations:
Swamp:2 mreg
Vaults:3 rpois loa
Depths:2 1 runed door


Innate Abilities, Weirdness & Mutations

You have a pair of large horns on your head.
You are completely covered in molten scales. (AC +4, rF+)
You frequently emit foul miasma when damaged in melee.
You are powered by pain.
You are extremely robust. (+30% HP)
You are immune to rotting.
You have a beak for a mouth.
You have large cloven feet.
You possess an exceptional clarity of mind.
You passively map a small area around you.
Your system is resistant to poisons. (rPois)
Your muscles are strong. (Str +2)


Message History

Unknown command.
(D) Dungeon (T) Temple (L) Lair (S) Swamp (P) Snake Pit (M) Slime Pits (O) Orcish Mines (E) Elven Halls (V) Vaults (C) Crypt (W) Tomb (U) Depths (H) Hell (I) Dis (G) Gehenna (X) Cocytus (Y) Tartarus (Z) Zot
Where to? (Enter - D:1, ? - help)
You climb upwards.
There is a stone staircase leading down here.
Magic restored.
There is a stone staircase leading up here.
You climb upwards.
There is a stone staircase leading down here.
HP restored.
There is a stone staircase leading up here.
You climb upwards.
There is a stone staircase leading down here.
There is an open door here.
There is a staircase leading out of the dungeon here.
You have escaped!

...#.....#...# ###...####.#######
.###.###.#.### ###.# #.#######
.#...# #...# #...# #........
##.#.###.#.# ###.### #########
.'.#.....#.# #.....# ##..
######.#########.###.#### ##...
...# #.....#...#...#....# #....
.#.#####.#.#.#.###.####.# #....
.#...#...#...#..@#...##.#####....
####.#.#####.#######.##..........
..##...# #.......#.##########..
######## #########.# ##. #.#
###.####.# #. #.# #........# #.
#.# #.#..##### #. #.# #.#..# #.
#.###### #.#..# ##.


There were no monsters in sight!

Vanquished Creatures
  Cerebov (Pan)
  Asmodeus (Geh:7)
  Antaeus (Coc:7)
  the Royal Jelly (Slime:5)
  Gloorx Vloq (Pan)
  A seraph (Pan)
  Ereshkigal (Tar:7)
  Lom Lobon (Pan)
  Mnoleg (Pan)
  6 ancient liches (Zot:5)
  Khufu (Crypt:2)
  Dispater (Dis:7)
  6 orbs of fire (Zot:5)
  A juggernaut (Depths:2)
  10 greater mummies
  Sojobo (Depths:2)
  Boris (Depths:5)
  5 shard shrikes
  Bai Suzhen (Crypt:1)
  A caustic shrike (Depths:2)
  Xtahua (Crypt:3)
  7 curse toes
  2 Killer Klowns (Zot:5)
  Geryon (Hell)
  Nikola (Swamp:4)
  8 golden dragons
  Jory (Crypt:2)
  2 pandemonium lords (Pan)
  A pearl dragon (Pan)
  A profane servitor (Crypt:3)
  6 bone dragons
  An iron giant (Dis:7)
  2 electric golems
  9 Tzitzimimeh
  12 Brimstone Fiends
  6 doom hounds
  25 tentacled monstrosities
  5 Hell Sentinels
  Rupert (D:12)
  3 deep elf blademasters
  17 Ice Fiends
  25 Orb Guardians
  18 liches
  5 titans
  7 quicksilver dragons
  4 deep elf master archers (Elf:3)
  14 Executioners (Pan)
  14 ancient champions
  7 death cobs
  16 acid blobs
  5 sphinxes
  2 thorn hunters
  Gastronok (D:8)
  11 tengu reavers
  Agnes (Elf:2)
  A tentacled starspawn (Abyss:3)
  14 shadow dragons
  17 storm dragons
  4 draconian monks
  5 revenants
  15 daevas (Pan)
  Donald (Crypt:1)
  14 fire giants
  9 azure jellies
  6 draconian knights
  5 nagarajas
  8 iron dragons
  7 draconian scorchers
  12 frost giants
  9 ghouls
  11 deep elf sorcerers
  2 warmongers (Pan)
  6 cacodemons
  26 vault wardens
  26 angels (Pan)
  3 draconian stormcallers
  Louise (Swamp:4)
  3 curse skulls
  24 balrugs
  4 ghost moths
  A spriggan defender (Depths:2)
  2 deep elf elementalists (Elf:3)
  6 draconian shifters
  4 draconian annihilators
  14 reapers
  31 stone giants
  3 elemental wellsprings (Coc:7)
  12 ophanim (Pan)
  25 war gargoyles
  14 ironheart preservers
  3 blood saints (Pan)
  2 corrupters (Pan)
  6 vampire knights
  29 very ugly things
  2 black suns (Pan)
  13 green draconians
  9 black draconians
  Azrael (D:13)
  An entropy weaver (Vaults:2)
  8 deep elf annihilators
  6 deep elf demonologists
  21 apis (Pan)
  7 red draconians
  5 purple draconians
  11 yellow draconians
  A dire elephant (shapeshifter) (Vaults:3)
  9 bennus
  10 white draconians
  12 spark wasps
  A minotaur (Lab)
  2 lorocyprocas
  Snorg (D:13)
  3 eidola
  31 ettins
  5 green deaths
  3 death oozes (Slime:5)
  5 quicksilver dragon zombies
  8 deep elf death magi
  9 blizzard demons
  13 mummy priests
  4 deep elf high priests
  18 jiangshi
  14 fire dragons
  18 ice dragons
  15 yaktaur captains
  Harold (Orc:1)
  Josephine (Lair:5)
  3 monstrous demonspawn (Pan)
  33 vault guards
  15 great orbs of eyes
  8 rakshasas
  A quicksilver dragon skeleton (Pan)
  14 hydras
  7 spriggan air magi
  A catoblepas (Depths:3)
  15 anacondas
  6 death knights
  8 naga warriors
  5 centaur warriors
  20 ogre magi
  26 dancing weapons
  5 tengu warriors
  6 death yaks (Depths:3)
  9 alligators
  17 deep troll earth magi
  30 two-headed ogres
  9 deep troll shamans
  3 hell hogs
  34 death scarabs
  4 orc high priests
  2 thrashing horrors (Abyss:2)
  16 spriggan berserkers
  11 vampire magi
  14 naga sharpshooters
  3 titan zombies
  9 soul eaters
  11 iron golems
  3 storm dragon zombies
  17 deep elf knights
  5 wretched stars (Abyss:3)
  41 sun demons
  22 large abominations
  A shock serpent (shapeshifter) (Depths:5)
  7 iron trolls
  15 hell knights
  A salamander mystic (Snake:2)
  9 shadow wraiths
  2 titan skeletons
  11 sixfirhies
  60 skeletal warriors
  A glowing orange brain (shapeshifter) (Vaults:3)
  A spriggan druid (Swamp:3)
  2 storm dragon skeletons
  3 sea snakes (Snake:4)
  An unseen horror (shapeshifter) (Elf:3)
  10 cherubim (Pan)
  3 anaconda zombies
  An iron giant zombie (Crypt:1)
  4 unseen horrors
  3 shadow demons
  33 deep trolls
  A torturous demonspawn (Depths:3)
  3 golden dragon skeletons
  6 deep elf archers
  12 flayed ghosts
  3 swamp dragons
  A sphinx zombie (Crypt:1)
  8 naga ritualists
  4 golden dragon zombies
  8 gelid demonspawn (Pan)
  12 ironbrand convokers
  13 necromancers
  11 phantasmal warriors
  8 wizards
  3 shadow dragon zombies
  3 tengu zombies
  10 glowing orange brains
  5 iron dragon zombies
  12 orc knights
  3 anaconda skeletons
  A manticore (D:11)
  45 deep elf magi
  A cyclops (shapeshifter) (Depths:4)
  36 ugly things
  A tengu skeleton (Vaults:4)
  A wolf spider (shapeshifter) (Depths:2)
  A wolf spider zombie (Dis:7)
  5 mana vipers
  An orb spider (shapeshifter) (Vaults:3)
  10 salamanders
  8 orc sorcerers
  6 cyclopes
  4 fire giant zombies
  4 shining eyes
  A salamander (shapeshifter) (Depths:2)
  7 wolf spiders
  4 stone giant zombies
  2 frost giant zombies
  32 moths of wrath
  2 shadow dragon skeletons (Crypt:2)
  6 elephants (Lair:6)
  2 iron dragon skeletons (Coc:7)
  14 vault sentinels
  9 guardian serpents
  A guardian serpent (shapeshifter) (Depths:2)
  3 fire giant skeletons
  Maurice (D:10)
  3 stone giant skeletons
  11 smoke demons
  2 molten gargoyles (Geh:7)
  10 apocalypse crabs (Zot:4)
  13 rust devils
  3 frost giant skeletons
  16 naga magi
  25 black mambas
  A torpor snail (Swamp:4)
  3 eyes of devastation
  5 orange demons (Pan)
  3 shock serpent skeletons
  9 spiny frogs
  5 centaur skeletons
  4 spectral swamp worms (Depths:1)
  A torpor snail (shapeshifter) (Vaults:5)
  12 hellions
  2 dire elephant skeletons (Crypt:2)
  A catoblepas zombie (Dis:2)
  7 demonic crawlers
  61 yaktaurs
  A kobold demonologist (Elf:1)
  A rime drake (Lair:5)
  18 tormentors
  A sea snake zombie (Crypt:3)
  18 ice devils
  10 komodo dragons
  An alligator snapping turtle skeleton (Crypt:2)
  2 human skeletons (Vaults:4)
  A swamp worm zombie (Crypt:1)
  5 efreet
  6 hellwings
  3 purple draconian skeletons
  20 freezing wraiths
  An ancient zyme (Abyss:2)
  A green draconian skeleton (Crypt:3)
  A death drake zombie (Crypt:1)
  13 red devils
  A catoblepas skeleton (Crypt:3)
  A tengu conjurer (Depths:2)
  24 guardian mummies
  A meliai (D:11)
  3 harpy zombies
  A jumping spider (shapeshifter) (Depths:1)
  5 polar bears (Lair:6)
  6 trolls
  Prince Ribbit (D:9)
  A hornet (shapeshifter) (Vaults:5)
  4 hydra skeletons
  A merfolk (Snake:4)
  4 hydra zombies
  A wolf spider simulacrum (Crypt:3)
  A polar bear (shapeshifter) (Depths:1)
  18 tyrant leeches
  15 blink frogs
  A blink frog (shapeshifter) (Vaults:3)
  3 alligator zombies
  2 bog bodies
  2 harpy skeletons
  2 raiju (Abyss:3)
  9 hornets
  2 ice dragon zombies
  91 slime creatures
  7 dream sheep
  12 hippogriffs
  A frost giant simulacrum (Vaults:2)
  A spriggan (shapeshifter) (Depths:2)
  2 alligator skeletons
  3 ettin zombies
  27 flying skulls
  10 shadows
  7 spriggans
  2 air elementals
  2 tarantellas (shapeshifter)
  A satyr skeleton (Crypt:2)
  2 ice dragon skeletons
  37 yaks
  11 ynoxinuls
  10 water elementals
  22 wraiths
  3 wyverns
  A black mamba skeleton (Crypt:3)
  13 ushabtiu
  2 basilisks
  A fire dragon skeleton (Crypt:2)
  Grum (D:11)
  4 golden eyes
  12 fire elementals
  A hog (Snake:4)
  A yaktaur simulacrum (Vaults:3)
  6 swamp worm simulacra (Swamp:4)
  5 hungry ghosts
  9 neqoxecs
  8 chaos spawn
  An infernal demonspawn zombie (Crypt:3)
  10 swamp worms
  3 wargs
  16 insubstantial wisps
  27 vampire mosquitoes
  2 soldier ants (shapeshifter)
  61 nagas
  An acid dragon (Vaults:2)
  A torturous demonspawn zombie (Crypt:2)
  3 floating eyes
  5 spiny frog zombies
  7 water moccasins
  Duvessa (D:6)
  14 hell hounds
  6 swamp drakes
  Purgy (D:3)
  13 hydra simulacra (Swamp:4)
  2 swamp drakes (shapeshifter)
  A manticore zombie (Geh:3)
  2 sky beasts
  6 ice beasts
  3 porcupines (D:8)
  3 spiny frog skeletons
  3 black bears
  30 orc warriors
  9 necrophages
  A snapping turtle zombie (Tar:4)
  An ogre (shapeshifter) (Depths:2)
  A swamp dragon zombie (Crypt:3)
  10 boggarts
  10 eyes of draining
  32 wolves
  3 ettin simulacra
  36 ogres
  2 phantoms
  7 centaurs
  A manticore skeleton (Crypt:2)
  7 crocodiles
  A swamp dragon skeleton (Tar:7)
  3 human zombies
  3 big kobolds
  6 bullfrogs
  A yaktaur zombie (Hell)
  2 earth elementals
  An elf skeleton (Geh:7)
  2 spiny frog simulacra
  A glowing shapeshifter simulacrum (Vaults:3)
  A cyclops zombie (Crypt:1)
  A warg zombie (Crypt:2)
  A wyvern zombie (Crypt:2)
  A wyvern skeleton (D:13)
  A scorpion (D:8)
  A troll zombie (Dis:7)
  A polar bear zombie (Crypt:2)
  A manticore simulacrum (Crypt:3)
  A water moccasin skeleton (Crypt:3)
  25 killer bees
  7 wights
  4 electric eels
  3 howler monkeys
  11 crimson imps
  5 centaur zombies
  3 quasits
  10 starcursed masses
  6 hounds
  A wolf skeleton (Crypt:1)
  A bullfrog zombie (D:13)
  3 bullfrog skeletons
  10 jellies
  Crazy Yiuf (D:6)
  24 orc priests
  9 iguanas
  8 iron imps
  Terence (D:3)
  32 orc wizards
  Natasha (thrice) (D:2)
  6 hell rats (Lair:6)
  11 worker ants
  4 small abominations
  A felid skeleton (Crypt:3)
  3 hound zombies
  30 mummies
  2 worker ant zombies
  Robin (D:2)
  2 howler monkey skeletons
  A howler monkey zombie (D:5)
  18 adders
  23 gnolls
  2 river rats
  7 shadow imps
  A white imp (Coc:3)
  An ufetubus (Depths:3)
  7 oozes
  2 swamp drake simulacra (Swamp:4)
  An adder zombie (D:8)
  6 worms
  6 leopard geckos
  91 orcs
  2 ball pythons
  9 bats
  5 giant cockroaches
  24 hobgoblins
  13 jackals
  8 quokkas
  6 frilled lizards
  22 goblins
  A goblin zombie (Crypt:1)
  A jackal skeleton (D:6)
  33 kobolds
  A leopard gecko skeleton (D:4)
  6 rats
  A river rat zombie (Crypt:2)
  A fire vortex (Geh:5)
  A fungus (D:8)
  6 plants
  2 starspawn tentacles (Abyss:3)
  A withered plant (Crypt:3)
3504 creatures vanquished.

Vanquished Creatures (collateral kills)
  the Serpent of Hell (Tar:7)
  An ancient lich (Zot:5)
  An orb of fire (Zot:5)
  Mara (Vaults:4)
  2 juggernauts
  A greater mummy (Tomb:1)
  A shard shrike (Coc:7)
  A pandemonium lord (Pan)
  A curse toe (Zot:4)
  A golden dragon (Zot:3)
  2 bone dragons
  4 Tzitzimimeh (Tar:7)
  2 doom hounds (Tar:7)
  2 Brimstone Fiends
  An iron giant (Dis:2)
  3 Ice Fiends (Coc:7)
  A Hell Sentinel (Dis:7)
  4 tentacled monstrosities
  An Orb Guardian (Zot:5)
  2 liches
  2 quicksilver dragons (Dis:7)
  A shadow dragon (Tar:7)
  2 ancient champions
  A storm dragon (Zot:4)
  Kirke (Snake:4)
  A revenant (Tomb:1)
  An Executioner (Pan)
  A thorn hunter (Swamp:4)
  3 nagarajas (Snake:4)
  A draconian monk (Zot:1)
  A frost giant (Vaults:4)
  3 fire giants (Geh:7)
  A vault warden (Vaults:1)
  A deep elf sorcerer (Elf:3)
  A warmonger (Pan)
  A draconian knight (Zot:4)
  A balrug (Geh:7)
  An angel (Pan)
  A deep elf elementalist (Elf:3)
  3 cacodemons
  5 war gargoyles (Dis:7)
  2 ironheart preservers
  A very ugly thing (Depths:4)
  A draconian annihilator (Pan)
  8 reapers
  2 elemental wellsprings
  A vampire knight (Tar:7)
  3 bennus
  An apis (Pan)
  A blood saint (Pan)
  A stone giant (Vaults:4)
  A white draconian (Zot:5)
  2 black suns (Pan)
  A black draconian (Zot:2)
  A lorocyproca (Pan)
  A purple draconian (Zot:1)
  A red draconian (Zot:5)
  2 spark wasps (Depths:5)
  2 deep elf death magi
  2 blizzard demons
  A green death (Pan)
  2 fire dragons
  2 ettins
  A vault guard (Vaults:5)
  A rakshasa (Pan)
  3 naga warriors
  A spriggan air mage (Depths:5)
  7 ice dragons
  A hell beast (Depths:5)
  2 ogre magi (Vaults:4)
  4 anacondas (Snake:4)
  3 two-headed ogres (Vaults:4)
  8 death scarabs (Tomb:3)
  A deep troll shaman (Depths:2)
  A deep troll earth mage (Depths:4)
  2 vampire magi
  A death yak (Depths:3)
  11 hell knights
  A hell hog (Geh:3)
  3 storm dragon zombies
  A naga sharpshooter (Snake:1)
  12 skeletal warriors
  6 sun demons
  A deep elf knight (Elf:2)
  An iron troll (Dis:7)
  3 soul eaters
  2 death drakes (Tar:7)
  4 iron golems (Dis:7)
  A golden dragon zombie (Coc:7)
  An anaconda zombie (Dis:7)
  A glowing orange brain (Pan)
  A salamander mystic (Snake:4)
  2 deep trolls (Depths:1)
  A quicksilver dragon simulacrum (Coc:7)
  A flayed ghost (Dis:7)
  2 shadow demons
  A spriggan druid (Swamp:4)
  3 sea snakes (Snake:4)
  A torturous demonspawn (Pan)
  2 naga ritualists
  3 wizards
  A wolf spider zombie (Tar:7)
  2 kraken simulacra
  2 deep elf archers
  An iron dragon zombie (Geh:7)
  An orc knight (Orc:2)
  3 phantasmal warriors
  4 deep elf magi
  An anaconda skeleton (Coc:4)
  An iron dragon skeleton (Coc:7)
  2 salamanders
  A moth of wrath (Zot:5)
  4 ugly things
  2 frost giant zombies
  3 elephants (Lair:6)
  A shining eye (Slime:1)
  A stone giant skeleton (Coc:7)
  7 guardian serpents
  3 rust devils (Dis:7)
  A black mamba (Snake:4)
  A water nymph (Snake:1)
  6 naga magi
  A fire giant skeleton (Geh:3)
  2 orange demons (Pan)
  4 smoke demons (Pan)
  A molten gargoyle (Geh:7)
  3 yaktaurs
  An efreet (Geh:7)
  5 ice devils
  A spectral swamp worm (Depths:1)
  2 tormentors
  A spiny frog (Swamp:3)
  2 freezing wraiths
  A komodo dragon (Lair:2)
  4 hellions
  5 red devils
  2 hellwings (Pan)
  A hydra zombie (Coc:7)
  4 guardian mummies
  A polar bear (Lair:6)
  A yaktaur skeleton (Vaults:3)
  A troll (D:13)
  2 tyrant leeches
  3 hydra skeletons
  8 slime creatures
  4 hornets
  2 blink frogs (Lair:6)
  An ettin zombie (Dis:7)
  An alligator zombie (Coc:4)
  An alligator skeleton (Tar:3)
  3 wraiths
  15 flying skulls
  A fire elemental (D:13)
  2 wyverns
  8 shadows
  A black mamba skeleton (Coc:7)
  8 spriggans
  A basilisk (Lair:2)
  A water elemental (Coc:6)
  7 yaks
  An ushabti (Tomb:3)
  A hog (Snake:4)
  An ice dragon skeleton (Coc:7)
  A hungry ghost (Coc:7)
  5 vampire mosquitoes
  A chaos spawn (Pan)
  4 neqoxecs
  2 swamp worms (Swamp:4)
  7 nagas
  2 wargs
  4 spiny frog zombies
  4 hell hounds
  4 water moccasins
  A spiny frog skeleton (Coc:7)
  3 necrophages
  3 ogres
  2 boggarts
  3 wolves (Lair:6)
  2 centaurs
  2 crocodiles
  A snapping turtle skeleton (Coc:7)
  3 bullfrogs
  2 jellies
  A scorpion (D:12)
  2 killer bees
  A howler monkey (D:9)
  2 crimson imps
  A hound (D:7)
  An orc priest (Vaults:4)
  8 iron imps
  2 iguanas (Lair:2)
  3 orc wizards
  10 mummies
  A gnoll (Bailey)
  A white imp (Coc:6)
  2 oozes (D:12)
  7 orcs
  A jackal (D:9)
  2 kobolds
  2 fungi
472 creatures vanquished.

Vanquished Creatures (others)
  2 eldritch tentacles
  A death cob (Zot:5)
  A draconian monk (Zot:5)
  An elemental wellspring (Coc:7)
  A spark wasp (Depths:4)
  2 ettins (Vaults:5)
  A naga warrior (Snake:4)
  A vault guard (Vaults:5)
  12 death scarabs (Tomb:3)
  A sun demon (Dis:2)
  A deep elf mage (Elf:2)
  A moth of wrath (Zot:5)
  An ice devil (Dis:7)
  A hellwing (Pan)
  A hornet (Swamp:4)
  A bog body (Swamp:4)
  A wolf spider simulacrum (Tomb:2)
  4 flying skulls
  A spriggan (Swamp:4)
  A fire elemental (Geh:4)
  A swamp worm (Swamp:1)
  4 insubstantial wisps (Swamp:4)
  A hydra simulacrum (Swamp:4)
  2 hell hounds (Dis:7)
  A howler monkey (D:9)
  6 ball lightnings (Pan)
  An orc (Vaults:5)
  A block of ice (Pan)
  A fire vortex (Geh:7)
  A fungus (D:8)
  A lurking horror (Abyss:2)
  16 plants
  47 spectral weapons
  10 starspawn tentacles
  12 tentacles
141 creatures vanquished.

Grand Total: 4117 creatures vanquished

Notes
Turn   | Place    | Note
-------+----------+-------------------------------------------
     0 | D:1      | Yermak the Demonspawn Wanderer began the quest for the Orb.
     0 | D:1      | Yermak set off with: a +0 shortbow, 24 arrows, a +0 hand
                  | crossbow, 24 bolts, a +0 robe, a ration, a wand of
                  | paralysis (15)
     0 | D:1      | Reached XP level 1. HP: 15/15 MP: 1/1
   717 | D:1      | Gained mutation: You are immune to rotting. [demonic
                  | ancestry]
   717 | D:1      | Reached XP level 2. HP: 22/22 MP: 2/2
  1294 | D:2      | Reached skill level 3 in Fighting
  1335 | D:2      | Reached XP level 3. HP: 29/29 MP: 3/3
  1631 | D:2      | Noticed Robin
  1636 | D:2      | Killed Robin
  1636 | D:2      | Gained mutation: You sometimes gain a little power by
                  | taking damage. [demonic ancestry]
  1636 | D:2      | Reached XP level 4. HP: 37/37 MP: 4/4
  1768 | D:2      | Found a glowing golden altar of the Shining One.
  2193 | D:2      | Reached skill level 1 in Dodging
  2484 | D:1      | Gained mutation: You have a pair of small horns on your
                  | head. [demonic ancestry]
  2484 | D:1      | Reached XP level 5. HP: 42/43 MP: 5/5
  2848 | D:2      | Noticed an ogre
  3035 | D:2      | Killed an ogre
  3035 | D:2      | Gained mutation: You sometimes gain power by taking damage.
                  | [demonic ancestry]
  3035 | D:2      | Reached XP level 6. HP: 51/51 MP: 6/6
  3128 | D:2      | Noticed Natasha
  3138 | D:2      | Killed Natasha
  3197 | D:2      | Noticed Natasha
  3208 | D:2      | Gained mutation: You are weak. (Str -2) [potion of
                  | mutation]
  3208 | D:2      | Gained mutation: Your mind is acute. (Int +2) [potion of
                  | mutation]
  3218 | D:2      | Killed Natasha
  3978 | D:3      | Noticed Purgy
  3980 | D:3      | Noticed Terence
  4009 | D:2      | Noticed Natasha
  4019 | D:2      | Killed Natasha
  4475 | D:3      | Reached skill level 6 in Fighting
  4650 | D:3      | Killed Terence
  5038 | D:3      | Killed Purgy
  5038 | D:3      | Gained mutation: You are partially covered in molten
                  | scales. (AC +2) [demonic ancestry]
  5038 | D:3      | Reached XP level 7. HP: 58/58 MP: 7/9
  5073 | D:3      | Reached skill level 3 in Evocations
  5671 | D:4      | Found a staircase to the Ecumenical Temple.
  5680 | Temple   | Entered the Ecumenical Temple
  5868 | Temple   | Became a worshipper of Kikubaaqudgha
  5993 | D:4      | Found a white marble altar of Elyvilon.
  7080 | D:5      | Entered Level 5 of the Dungeon
  7285 | D:5      | Noticed Blork the orc
  7292 | D:5      | Noticed Blork
  7292 | D:5      | Blork the orc changed into Blork the swamp drake
  7679 | D:5      | Killed Blork the swamp drake
  7679 | D:5      | Reached XP level 8. HP: 68/68 MP: 10/10
  7707 | D:5      | Found a radiant altar of Vehumet.
  7938 | D:5      | Noticed Ijyb
  7940 | D:5      | Noticed Ijyb
  7940 | D:5      | Ijyb changed into Ijyb the river rat
  7944 | D:5      | Killed Ijyb the river rat
  8298 | D:5      | Reached skill level 9 in Fighting
  8326 | D:5      | Found a stormy altar of Qazlal.
  8541 | D:5      | Reached * piety under Kikubaaqudgha
  8541 | D:5      | Identified Kikubaaqudgha's Reference Book on Sinister Rites
                  | {god gift} (Kikubaaqudgha gifted it to you on level 5 of
                  | the Dungeon)
  8541 | D:5      | Received a gift from Kikubaaqudgha
  8545 | D:5      | Learned a level 1 spell: Animate Skeleton
  8664 | D:5      | Reached skill level 1 in Necromancy
  8679 | D:5      | Reached skill level 1 in Spellcasting
  8843 | D:5      | Reached skill level 2 in Necromancy
  9232 | D:6      | Noticed Duvessa
  9232 | D:6      | Noticed Dowan
  9276 | D:6      | Killed Duvessa
  9278 | D:6      | Noticed Dowan
  9278 | D:6      | Dowan changed into Dowan the river rat
  9285 | D:6      | Killed Dowan the river rat
  9313 | D:6      | You fall through a shaft!
  9363 | D:7      | Reached skill level 1 in Staves
  9363 | D:7      | Gained mutation: You are powered by pain. [demonic
                  | ancestry]
  9363 | D:7      | Reached XP level 9. HP: 78/78 MP: 11/11
  9498 | D:7      | Reached skill level 3 in Staves
  9500 | D:7      | Found a flagged portal.
  9507 | Bailey   | Entered a bailey
  9567 | Bailey   | Reached ** piety under Kikubaaqudgha
  9601 | Bailey   | Learned a level 3 spell: Regeneration
  9603 | Bailey   | Learned a level 1 spell: Pain
  9829 | Bailey   | Noticed an orc knight
  9967 | Bailey   | Killed an orc knight
 10156 | Bailey   | Reached skill level 9 in Polearms
 10156 | Bailey   | Reached XP level 10. HP: 85/85 MP: 14/14
 10240 | D:6      | Found a blossoming altar of Fedhas.
 10449 | D:6      | Found an iron altar of Okawaru.
 10522 | D:6      | Reached *** piety under Kikubaaqudgha
 10522 | D:6      | Identified Kikubaaqudgha's Grimoire of Stolen Souls {god
                  | gift} (Kikubaaqudgha gifted it to you on level 6 of the
                  | Dungeon)
 10522 | D:6      | Received a gift from Kikubaaqudgha
 10733 | D:6      | Found a runed door.
 11090 | D:6      | Noticed Crazy Yiuf
 11095 | D:6      | Killed Crazy Yiuf
 11484 | D:7      | Reached skill level 3 in Necromancy
 11575 | D:7      | Learned a level 4 spell: Animate Dead
 11715 | D:7      | Reached skill level 1 in Charms
 12147 | D:8      | Found a staircase to the Lair.
 12147 | D:8      | Noticed Gastronok
 12361 | D:8      | Reached skill level 4 in Necromancy
 12361 | D:8      | Reached **** piety under Kikubaaqudgha
 12361 | D:8      | Reached XP level 11. HP: 66/90 MP: 15/15
 12365 | D:8      | Killed Gastronok
 12365 | D:8      | Reached skill level 5 in Necromancy
 13160 | D:9      | Found Vevuas's Antique Weapon Shoppe.
 13211 | D:9      | Found a staircase to the Orcish Mines.
 13231 | D:9      | Found a roughly hewn altar of Beogh.
 13295 | D:9      | Noticed Prince Ribbit
 13300 | D:9      | Killed Prince Ribbit
 13395 | D:9      | Reached ***** piety under Kikubaaqudgha
 13891 | D:10     | Entered Level 10 of the Dungeon
 14106 | D:10     | Found Omuit's Armour Shoppe.
 14399 | D:10     | Reached skill level 12 in Polearms
 14571 | D:11     | Found Sevvaezabb's Antique Armour Shoppe.
 14651 | D:11     | Got an ominously black robe
 14678 | D:11     | Noticed Sonja
 14686 | D:11     | Noticed Maurice
 14688 | D:11     | Found Eceut's Book Boutique.
 14801 | D:11     | Noticed Grum
 14817 | D:11     | Noticed Sonja
 14817 | D:11     | Sonja changed into Sonja the meliai
 14827 | D:11     | Cast into level 1 of the Abyss (Sonja)
 14829 | Abyss:1  | Found a corrupted altar of Lugonu.
 14833 | Abyss:2  | Found a corrupted altar of Lugonu.
 14889 | Abyss:2  | Noticed a sixfirhy
 14892 | Abyss:2  | Noticed a phantasmal warrior
 14899 | Abyss:2  | Killed a phantasmal warrior
 14990 | Abyss:2  | Noticed a thrashing horror
 14999 | Abyss:2  | Killed a thrashing horror
 14999 | Abyss:2  | Reached skill level 3 in Stealth
 15011 | Abyss:2  | Noticed a tentacled starspawn
 15036 | Abyss:2  | Noticed a large abomination
 15043 | Abyss:2  | Killed a large abomination
 15043 | Abyss:2  | Gained mutation: You may emit foul miasma when damaged in
                  | melee. [demonic ancestry]
 15043 | Abyss:2  | Reached XP level 12. HP: 59/97 MP: 16/16
 15068 | Abyss:2  | Noticed a tentacled starspawn
 15084 | Abyss:2  | Noticed a hell hog
 15161 | Abyss:2  | Noticed a starcursed mass
 15198 | Abyss:2  | Killed a starcursed mass
 15233 | Abyss:2  | Reached skill level 6 in Stealth
 15250 | Abyss:2  | Noticed a tentacled starspawn
 15267 | Abyss:2  | Noticed an eidolon
 15274 | Abyss:2  | Gained mutation: You are clumsy. (Dex -2) [a neqoxec]
 15304 | D:11     | Escaped the Abyss
 15314 | D:10     | Lost mutation: You are weak. (Str -2) [potion of mutation]
 15314 | D:10     | Lost mutation: Your mind is acute. (Int +2) [potion of
                  | mutation]
 15314 | D:10     | Lost mutation: You are clumsy. (Dex -2) [potion of
                  | mutation]
 15314 | D:10     | Gained mutation: Your magical capacity is low. (-10% MP)
                  | [potion of mutation]
 15314 | D:10     | Gained mutation: You have a beak for a mouth. [potion of
                  | mutation]
 15354 | D:10     | Killed Maurice
 15406 | D:11     | Found Mosaoram's Book Shop.
 15414 | D:11     | Killed Sonja the meliai
 15439 | D:11     | Killed Grum
 15566 | D:11     | Found Bireics's Magic Scroll Shoppe.
 15593 | D:11     | Reached skill level 6 in Necromancy
 15641 | D:11     | Bought a scroll of identify for 30 gold pieces
 15641 | D:11     | Bought a scroll of identify for 30 gold pieces
 15641 | D:11     | Bought a scroll of identify for 30 gold pieces
 15897 | Lair:1   | Entered Level 1 of the Lair of Beasts
 16146 | Lair:1   | Identified the cursed +1 robe "Tuewias" {Str+3} (You found
                  | it on level 11 of the Dungeon)
 16404 | Lair:1   | Noticed a six-headed hydra
 16443 | Lair:1   | Reached skill level 7 in Necromancy
 16537 | Lair:1   | Killed a six-headed hydra
 16816 | Lair:2   | Noticed a six-headed hydra
 16827 | Lair:2   | Killed a six-headed hydra
 17008 | Lair:2   | Reached ****** piety under Kikubaaqudgha
 17015 | Lair:2   | Found a staircase to the Snake Pit.
 17071 | Lair:2   | Got a bound steel ring
 17073 | Lair:2   | Identified the ring of Ytep {rC+ Str+6 Int+4 Slay-3} (You
                  | found it on level 2 of the Lair of Beasts)
 17089 | Lair:2   | Reached skill level 3 in Dodging
 17281 | Lair:2   | Found a staircase to the Swamp.
 17339 | Lair:2   | Reached XP level 13. HP: 82/103 MP: 15/15
 18393 | Lair:3   | Reached skill level 3 in Spellcasting
 18769 | Lair:4   | Found a labyrinth entrance.
 18782 | Lab      | Entered a labyrinth
 18968 | Lab      | Noticed a minotaur
 18980 | Lab      | Killed a minotaur
 18994 | Lab      | Identified Sif Muna's Volume of the Blaze
 20269 | Lair:5   | Found a runed door.
 20269 | Lair:5   | Found a viscous altar of Jiyva.
 20269 | Lair:5   | Found a staircase to the Slime Pits.
 20854 | Lair:5   | Noticed Josephine
 20865 | Lair:5   | Reached skill level 6 in Dodging
 20866 | Lair:5   | Killed Josephine
 21068 | Lair:6   | Entered Level 6 of the Lair of Beasts
 21516 | Lair:6   | Reached skill level 12 in Fighting
 21664 | Lair:6   | Gained mutation: You frequently emit foul miasma when
                  | damaged in melee. [demonic ancestry]
 21664 | Lair:6   | Reached XP level 14. HP: 115/115 MP: 18/18
 21927 | Lair:6   | Got a pitted scale mail
 21938 | Lair:6   | Identified the +1 scale mail of Circular Logic {*Contam
                  | +Fly rElec} (You found it on level 6 of the Lair of Beasts)
 22937 | D:12     | Noticed Psyche
 22938 | D:12     | Noticed Psyche
 22938 | D:12     | Psyche changed into Psyche the hornet
 22943 | D:12     | Killed Psyche the hornet
 22950 | D:12     | Noticed Rupert
 22967 | D:12     | Killed Rupert
 23023 | D:12     | Identified 2 scrolls of acquirement
 23444 | D:12     | Reached skill level 9 in Dodging
 23657 | D:12     | Reached skill level 3 in Armour
 24004 | D:13     | Reached skill level 1 in Shields
 24037 | D:13     | Noticed Snorg
 24047 | D:13     | Killed Snorg
 24117 | D:13     | Found a gate to the Vaults.
 24151 | D:13     | Reached skill level 3 in Shields
 24483 | D:13     | Got a pair of fine boots
 24489 | D:13     | Identified the +0 pair of boots of Absence {Int-3 Slay+5}
                  | (You acquired it on level 13 of the Dungeon)
 24631 | D:13     | Noticed Azrael
 24638 | D:13     | Killed Azrael
 25087 | D:14     | Gained mutation: You have a pair of horns on your head.
                  | [demonic ancestry]
 25087 | D:14     | Reached XP level 15. HP: 119/124 MP: 18/18
 25093 | D:14     | Found Vuloj's Antique Weapon Shoppe.
 25291 | D:14     | Identified a +9 demon trident of pain (a +7 demon trident
                  | of venom bloodied by Kikubaaqudgha)
 25291 | D:14     | Received a gift from Kikubaaqudgha
 25555 | D:15     | Entered Level 15 of the Dungeon
 25608 | D:15     | Reached skill level 6 in Armour
 25957 | D:15     | Found a staircase to the Depths.
 26003 | D:15     | Found a white marble altar of Elyvilon.
 26534 | Orc:1    | Entered Level 1 of the Orcish Mines
 26996 | Orc:2    | Entered Level 2 of the Orcish Mines
 27016 | Orc:2    | Found Feraeloz's Gadget Shop.
 27016 | Orc:2    | Found a staircase to the Elven Halls.
 27122 | Orc:1    | Noticed Harold
 27137 | Orc:1    | Noticed an orc warlord
 27410 | Orc:1    | Killed Harold
 27517 | Orc:2    | Found a bloodstained altar of Trog.
 27860 | Orc:2    | Reached skill level 8 in Necromancy
 27895 | Orc:2    | Found Zaxzicru's Weapon Emporium.
 27895 | Orc:2    | Found Zexket's Jewellery Shop.
 27897 | Orc:2    | Found Wakhes's Antique Weapon Shop.
 27897 | Orc:2    | Found Raiqu's Gadget Emporium.
 27914 | Orc:2    | Bought the ring "Xyavejuh" {MR+ Int+3} for 459 gold pieces
 27992 | Orc:2    | Learned a level 5 spell: Dispel Undead
 28118 | Snake:1  | Entered Level 1 of the Snake Pit
 28796 | Snake:2  | Noticed a nagaraja
 28815 | Snake:2  | Killed a nagaraja
 28815 | Snake:2  | Reached skill level 9 in Necromancy
 29104 | Snake:2  | Reached skill level 6 in Spellcasting
 29201 | Snake:2  | Gained mutation: You have a pair of large horns on your
                  | head. [demonic ancestry]
 29201 | Snake:2  | Reached XP level 16. HP: 116/134 MP: 22/22
 29553 | Swamp:1  | Entered Level 1 of the Swamp
 29717 | Swamp:1  | Reached skill level 10 in Necromancy
 29974 | Swamp:1  | Reached skill level 6 in Shields
 30235 | Swamp:1  | Noticed a thorn hunter
 30246 | Swamp:1  | Killed a thorn hunter
 31353 | Swamp:3  | Reached skill level 9 in Shields
 31646 | Swamp:3  | Identified the cursed +1 scale mail of Hangman {rElec Int+4
                  | SInv} (You found it on level 3 of the Swamp)
 32051 | Swamp:4  | Entered Level 4 of the Swamp
 32273 | Swamp:4  | Noticed a thorn hunter
 32274 | Swamp:4  | Noticed a thorn hunter
 32288 | Swamp:4  | Killed a thorn hunter
 32298 | Swamp:4  | Killed a thorn hunter
 32472 | Swamp:4  | Noticed Louise
 32519 | Swamp:4  | Killed Louise
 32769 | Swamp:4  | Noticed Nikola
 33016 | Swamp:4  | Reached XP level 17. HP: 121/140 MP: 11/23
 33055 | Swamp:4  | Killed Nikola
 33322 | Swamp:4  | Got a decaying rune of Zot
 33567 | Snake:3  | Reached skill level 12 in Shields
 34042 | Snake:3  | Reached skill level 3 in Charms
 34339 | Snake:4  | Entered Level 4 of the Snake Pit
 34620 | Snake:4  | Identified the Reference Book on Destructive Feathers
 35110 | Snake:4  | Noticed Kirke
 35270 | Snake:4  | Killed Kirke
 35367 | Snake:4  | Reached skill level 15 in Shields
 35410 | Snake:4  | Reached XP level 18. HP: 146/147 MP: 24/24
 35598 | Snake:4  | Got a serpentine rune of Zot
 36066 | Vaults:1 | Entered Level 1 of the Vaults
 36514 | Vaults:1 | Reached skill level 11 in Necromancy
 36714 | Vaults:1 | Reached skill level 15 in Fighting
 37067 | Vaults:1 | Found a gateway to a bazaar.
 37366 | Vaults:2 | Reached skill level 12 in Dodging
 37366 | Vaults:2 | Reached skill level 12 in Necromancy
 38312 | Vaults:2 | Reached XP level 19. HP: 86/155 MP: 18/25
 38994 | Vaults:3 | Found a staircase to the Crypt.
 39472 | Vaults:3 | Found Miegi's Jewellery Boutique.
 40011 | Vaults:3 | Reached skill level 15 in Dodging
 41006 | Vaults:4 | Noticed Mara
 41024 | Vaults:4 | Noticed Yermak's illusion
 41323 | Vaults:4 | Noticed Yermak's illusion
 41333 | Vaults:4 | Killed Mara
 41333 | Vaults:4 | Reached skill level 9 in Armour
 41333 | Vaults:4 | Gained mutation: You are mostly covered in molten scales.
                  | (AC +3) [demonic ancestry]
 41333 | Vaults:4 | Reached XP level 20. HP: 162/162 MP: 26/26
 42222 | Elf:1    | Entered Level 1 of the Elven Halls
 43164 | Elf:2    | Noticed Agnes
 43183 | Elf:2    | Killed Agnes
 43416 | Elf:2    | Found a runed gate.
 43416 | Elf:2    | Found a runed gate.
 43417 | Elf:2    | Found a runed gate.
 44424 | Elf:3    | Entered Level 3 of the Elven Halls
 45385 | Elf:3    | Identified the amulet "Ulliheub" {+Rage rC+} (You took it
                  | off a deep elf high priest on level 3 of the Elven Halls)
 45386 | Elf:3    | Identified the +9 plate armour of Undesirable Species
                  | {-Tele Str+7} (You took it off a deep elf high priest on
                  | level 3 of the Elven Halls)
 45387 | Elf:3    | Identified the +4 demon trident "Pendulum" {flame, rElec}
                  | (You took it off a deep elf high priest on level 3 of the
                  | Elven Halls)
 45505 | Elf:3    | Reached XP level 21. HP: 143/168 MP: 22/27
 45762 | Elf:3    | Identified the ring "Ykho" {Wiz Str+2} (You found it on
                  | level 3 of the Elven Halls)
 46675 | Bazaar   | Entered a bazaar
 46675 | Bazaar   | Found Icelixt's Jewellery Boutique.
 46679 | Bazaar   | Found Osiast's General Store.
 46688 | Bazaar   | Bought a potion of agility for 48 gold pieces
 46691 | Bazaar   | Found Lied's Antique Weapon Shop.
 46692 | Bazaar   | Found Adafooga's Magic Scroll Emporium.
 46731 | Bazaar   | Found Bigruh's Food Shoppe.
 46763 | Bazaar   | Bought a scroll of enchant armour for 120 gold pieces
 46763 | Bazaar   | Bought 2 scrolls of summoning for 304 gold pieces
 46763 | Bazaar   | Bought a scroll of fog for 32 gold pieces
 46763 | Bazaar   | Bought a scroll of teleportation for 48 gold pieces
 46763 | Bazaar   | Bought a scroll of teleportation for 48 gold pieces
 46763 | Bazaar   | Bought a scroll of magic mapping for 56 gold pieces
 46901 | Depths:1 | Entered Level 1 of the Depths
 47167 | Depths:1 | Found a gateway to Hell.
 47181 | Depths:1 | Identified the Collected Works on Snow and Flight
 47274 | Depths:1 | Found an ornate altar of the Wu Jian Council.
 47513 | Depths:1 | Reached skill level 15 in Polearms
 47732 | Depths:1 | Identified Sif Muna's Guide on Helpful Poison
 47860 | Depths:1 | Identified the +5 chain mail "Jessym" {MR+} (You found it
                  | on level 1 of the Depths)
 48066 | Depths:2 | Noticed a juggernaut
 48071 | Depths:2 | Noticed Sojobo
 48080 | Depths:2 | Killed a juggernaut
 48085 | Depths:2 | Killed Sojobo
 48233 | Depths:2 | Learned a level 3 spell: Spectral Weapon
 48238 | Depths:2 | Learned a level 2 spell: Song of Slaying
 48320 | Depths:2 | Found a glowing silver altar of Zin.
 48361 | Depths:2 | Gained mutation: You are completely covered in molten
                  | scales. (AC +4, rF+) [demonic ancestry]
 48361 | Depths:2 | Reached XP level 22. HP: 152/182 MP: 13/27
 48370 | Depths:2 | Reached skill level 1 in Hexes
 48413 | Depths:2 | Found a shimmering altar of Xom.
 48414 | Depths:2 | Found a bloodstained altar of Trog.
 48461 | Depths:2 | Noticed a caustic shrike
 48473 | Depths:2 | Killed a caustic shrike
 48500 | Depths:2 | Identified the cursed +0 spear of Tumult {vamp, +Blink
                  | Int+6} (You found it on level 2 of the Depths)
 48516 | Depths:2 | Found a sparkling altar of Nemelex Xobeh.
 48695 | Depths:2 | Reached skill level 3 in Hexes
 48787 | Depths:2 | Found a gateway to a ziggurat.
 48901 | Depths:2 | Found a one-way gate to the infinite horrors of the Abyss.
 49497 | Depths:2 | Reached skill level 18 in Fighting
 49521 | Depths:2 | Reached skill level 6 in Hexes
 49610 | Depths:2 | Found a runed door.
 49610 | Depths:2 | Found a runed door.
 49654 | Depths:2 | Reached skill level 18 in Polearms
 49742 | Depths:2 | Noticed a golden dragon
 49756 | Depths:2 | Killed a golden dragon
 49789 | Depths:2 | Noticed a juggernaut
 49803 | Depths:2 | Killed a juggernaut
 49819 | Depths:2 | Noticed a golden dragon
 49826 | Depths:2 | Killed a golden dragon
 49894 | Depths:2 | Got a steaming lapis lazuli ring
 50201 | Depths:2 | Identified the ring of the Hero {rC- rN+ Str+7 SInv} (You
                  | found it on level 2 of the Depths)
 50307 | Depths:3 | Found a one-way gate leading to the halls of Pandemonium.
 50410 | Depths:3 | Reached XP level 23. HP: 158/192 MP: 22/28
 50692 | Depths:3 | Reached skill level 6 in Evocations
 50965 | Depths:3 | Noticed a juggernaut
 50992 | Depths:3 | Killed a juggernaut
 51011 | Depths:3 | Found the +8 demon blade "Bloodbane" {slice, *Rage +Rage
                  | Stlth-}
 51012 | Depths:3 | Found the +3 sling "Punk" {acid, rCorr}
 51042 | Depths:3 | Identified a +0 pair of boots of running (You found it on
                  | level 3 of the Depths)
 51429 | Depths:3 | Found a bloodstained altar of Trog.
 51906 | Depths:4 | Reached skill level 9 in Evocations
 52817 | Depths:5 | Entered Level 5 of the Depths
 52979 | Depths:5 | Paralysed by a great orb of eyes for 7 turns
 52987 | Depths:5 | Gained mutation: You are robust. (+10% HP) [demonic
                  | ancestry]
 52987 | Depths:5 | Reached XP level 24. HP: 177/224 MP: 14/28
 53024 | Depths:5 | Noticed Boris
 53045 | Depths:5 | Killed Boris
 53147 | Depths:5 | Found a gate to the Realm of Zot.
 53190 | Depths:5 | Reached skill level 12 in Armour
 54395 | Vaults:5 | Entered Level 5 of the Vaults
 54606 | Vaults:5 | Gained mutation: You are very robust. (+20% HP) [demonic
                  | ancestry]
 54606 | Vaults:5 | Reached XP level 25. HP: 90/252 MP: 1/28
 54667 | Vaults:5 | Reached skill level 18 in Dodging
 54682 | Vaults:5 | Reached skill level 15 in Armour
 54896 | Vaults:5 | Identified the +3 scale mail of the Gardener {Str+3} (You
                  | found it on level 5 of the Vaults)
 54949 | Vaults:5 | Identified the +0 pair of gloves "Duageh" {rElec} (You
                  | found it on level 5 of the Vaults)
 54963 | Vaults:5 | Learned a level 6 spell: Deflect Missiles
 55010 | Vaults:5 | Found Huadas's Distillery.
 55010 | Vaults:5 | Found Pelovvuesch's Distillery.
 55020 | Vaults:5 | Found Suukk's Distillery.
 55132 | Vaults:5 | Found Qocoucsul's Magic Scroll Emporium.
 55154 | Vaults:5 | Found Icutocw's Magic Scroll Boutique.
 55164 | Vaults:5 | Found Irokacay's Distillery.
 55165 | Vaults:5 | Got a silver rune of Zot
 55185 | Vaults:5 | Found Ilat's Food Shoppe.
 55185 | Vaults:5 | Found Caihea Jukh's Distillery.
 55343 | Vaults:5 | Reached skill level 1 in Air Magic
 55674 | Vaults:5 | Found Sathrergha's Gadget Boutique.
 55677 | Vaults:5 | Identified the cursed +0 chain mail "Xajila" {+Blink Str+2
                  | Stlth-} (You found it on level 5 of the Vaults)
 55682 | Vaults:5 | Identified the +2 cloak of Setu {-Tele Dex+7} (You found it
                  | on level 5 of the Vaults)
 55770 | Vaults:5 | Bought a scroll of acquirement for 988 gold pieces
 55771 | Vaults:5 | Identified the +2 cloak of Cheibriados's Hope {rElec rF+}
                  | (You acquired it on level 5 of the Vaults)
 56172 | Slime:1  | Entered Level 1 of the Pits of Slime
 56283 | Slime:2  | Reached skill level 6 in Charms
 56283 | Slime:2  | Reached skill level 3 in Air Magic
 56464 | Slime:5  | Entered Level 5 of the Pits of Slime
 56609 | Slime:5  | Noticed the Royal Jelly
 56610 | Slime:5  | Found a viscous altar of Jiyva.
 56637 | Slime:5  | Killed the Royal Jelly
 56654 | Slime:5  | Reached skill level 6 in Air Magic
 56675 | Slime:5  | Identified the Guide on Attacks and the Traveller
 56681 | Slime:5  | Learned a level 1 spell: Apportation
 56709 | Slime:5  | Identified Etot Mum's Guide on Warped Curses
 56723 | Slime:5  | Learned a level 5 spell: Borgnjor's Vile Clutch
 56753 | Slime:5  | Got a slimy rune of Zot
 56755 | Slime:5  | Identified the ring of Yprucad {Ice rN++ MP+9 Dex-4 Stlth+}
                  | (You found it on level 5 of the Pits of Slime)
 56777 | Slime:5  | Identified the amulet "Faocon Gay" {+Rage +Fly rElec rC-
                  | MR-} (You found it on level 5 of the Pits of Slime)
 56855 | Slime:1  | Reached skill level 1 in Translocations
 57504 | Crypt:1  | Entered Level 1 of the Crypt
 57548 | Crypt:1  | Reached skill level 1 in Earth Magic
 57686 | Crypt:1  | Reached XP level 26. HP: 256/261 MP: 28/28
 57884 | Crypt:1  | Noticed Donald
 57892 | Crypt:1  | Reached skill level 3 in Translocations
 57914 | Crypt:1  | Killed Donald
 57983 | Crypt:1  | Reached skill level 3 in Earth Magic
 58003 | Crypt:1  | Noticed Bai Suzhen
 58023 | Crypt:1  | Killed Bai Suzhen
 58023 | Crypt:1  | Reached skill level 9 in Charms
 58436 | Crypt:2  | Found an ancient bone altar of Kikubaaqudgha.
 58670 | Crypt:2  | Noticed Jory
 58679 | Crypt:2  | Killed Jory
 58859 | Crypt:2  | Noticed a greater mummy
 58859 | Crypt:2  | Noticed Khufu
 58886 | Crypt:2  | Killed a greater mummy
 58898 | Crypt:2  | Killed Khufu
 58916 | Crypt:2  | Reached skill level 6 in Earth Magic
 58972 | Crypt:3  | Entered Level 3 of the Crypt
 58986 | Crypt:3  | Reached skill level 9 in Air Magic
 59110 | Crypt:3  | Noticed Xtahua
 59122 | Crypt:3  | Killed Xtahua
 59187 | Crypt:3  | Paralysed by a vampire knight for 2 turns
 59489 | Crypt:3  | Found an ancient bone altar of Kikubaaqudgha.
 59491 | Crypt:3  | Found a basalt altar of Yredelemnul.
 59593 | Crypt:3  | Identified Edutab's Guide on Sinister Rituals
 59598 | Crypt:3  | Got a brightly glowing silver ring
 59599 | Crypt:3  | Identified the ring of the Garden {Ice Int+6 Dex+2} (You
                  | found it on level 3 of the Crypt)
 59885 | Crypt:3  | Found a staircase to the Tomb.
 59949 | Crypt:3  | Upgraded the game from 0.23-a0-139-ga22e90c45f to
                  | 0.23-a0-143-g1adec7bb76
 59957 | Crypt:3  | Learned a level 4 spell: Summon Lightning Spire
 60321 | Zot:1    | Entered Level 1 of the Realm of Zot
 60344 | Zot:1    | Reached skill level 1 in Summonings
 60351 | Zot:1    | Gained mutation: You are extremely robust. (+30% HP)
                  | [demonic ancestry]
 60351 | Zot:1    | Reached XP level 27. HP: 240/291 MP: 26/28
 60530 | Zot:1    | Reached skill level 3 in Summonings
 60547 | Zot:1    | Reached skill level 9 in Earth Magic
 61856 | Zot:2    | Found the +3 giant club "Skullcrusher" {speed, Str+7}
 62599 | Zot:3    | Reached skill level 12 in Charms
 62599 | Zot:3    | Reached skill level 12 in Air Magic
 62988 | Zot:3    | Reached skill level 9 in Spellcasting
 63144 | Zot:3    | Learned a level 3 spell: Lesser Beckoning
 63379 | Zot:4    | Reached skill level 13 in Necromancy
 63532 | Zot:4    | Reached skill level 14 in Necromancy
 63833 | Zot:4    | Reached skill level 15 in Necromancy
 64144 | Zot:5    | Entered Level 5 of the Realm of Zot
 64174 | Zot:5    | Reached skill level 16 in Necromancy
 64419 | Zot:5    | Noticed an orb of fire
 64442 | Zot:5    | Killed an orb of fire
 64481 | Zot:5    | Reached skill level 17 in Necromancy
 64521 | Zot:5    | Noticed an orb of fire
 64528 | Zot:5    | Noticed an ancient lich
 64566 | Zot:5    | Killed an orb of fire
 64578 | Zot:5    | Killed an ancient lich
 64600 | Zot:5    | Noticed an orb of fire
 64614 | Zot:5    | Noticed an ancient lich
 64621 | Zot:5    | Killed an ancient lich
 64628 | Zot:5    | Reached skill level 18 in Necromancy
 64774 | Zot:5    | Noticed an ancient lich
 64789 | Zot:5    | Killed an ancient lich
 64834 | Zot:5    | Noticed an ancient lich
 64835 | Zot:5    | Gained mutation: Your mind is acute. (Int +2) [an orb of
                  | fire]
 64849 | Zot:5    | Killed an orb of fire
 64857 | Zot:5    | Killed an ancient lich
 64882 | Zot:5    | Noticed an ancient lich
 64900 | Zot:5    | Killed an ancient lich
 64911 | Zot:5    | Noticed an orb of fire
 64930 | Zot:5    | Noticed an orb of fire
 64937 | Zot:5    | Gained mutation: You are occasionally teleported next to
                  | monsters. [an orb of fire]
 64945 | Zot:5    | Killed an orb of fire
 64947 | Zot:5    | Gained mutation: Scrolls take you a little longer to read.
                  | [an orb of fire]
 64952 | Zot:5    | Killed an orb of fire
 65103 | Zot:5    | Noticed an ancient lich
 65119 | Zot:5    | Killed an ancient lich
 65138 | Zot:5    | Reached skill level 19 in Necromancy
 65153 | Zot:5    | Noticed an orb of fire
 65170 | Zot:5    | Gained mutation: You occasionally shout uncontrollably at
                  | your foes. [an orb of fire]
 65171 | Zot:5    | Killed an orb of fire
 65185 | Zot:5    | Noticed an ancient lich
 65200 | Zot:5    | Reached skill level 12 in Spellcasting
 65204 | Zot:5    | Killed an ancient lich
 65254 | Zot:5    | Noticed an orb of fire
 65309 | Zot:5    | Killed an orb of fire
 65309 | Zot:5    | Reached skill level 20 in Necromancy
 65329 | Zot:5    | Learned a level 8 spell: Infestation
 65685 | Depths:5 | Lost mutation: You are occasionally teleported next to
                  | monsters. [potion of mutation]
 65685 | Depths:5 | Lost mutation: Scrolls take you a little longer to read.
                  | [potion of mutation]
 65685 | Depths:5 | Lost mutation: You occasionally shout uncontrollably at
                  | your foes. [potion of mutation]
 65685 | Depths:5 | Gained mutation: You passively map a small area around you.
                  | [potion of mutation]
 65685 | Depths:5 | Gained mutation: You possess an exceptional clarity of
                  | mind. [potion of mutation]
 65685 | Depths:5 | Gained mutation: Your system is resistant to poisons.
                  | (rPois) [potion of mutation]
 65948 | Vaults:3 | Bought the amulet "Azemixkytump" {Acrobat rF+ Dex+5 Stlth+}
                  | for 859 gold pieces
 66003 | Vaults:5 | Bought 2 potions of might for 112 gold pieces
 66003 | Vaults:5 | Bought a potion of might for 56 gold pieces
 66003 | Vaults:5 | Bought a potion of agility for 56 gold pieces
 66003 | Vaults:5 | Bought a potion of invisibility for 112 gold pieces
 66014 | Vaults:5 | Bought a potion of agility for 56 gold pieces
 66014 | Vaults:5 | Bought a potion of might for 56 gold pieces
 66014 | Vaults:5 | Bought a potion of might for 56 gold pieces
 66028 | Vaults:5 | Bought a potion of might for 60 gold pieces
 66028 | Vaults:5 | Bought a potion of haste for 150 gold pieces
 66028 | Vaults:5 | Bought a potion of haste for 150 gold pieces
 66028 | Vaults:5 | Bought a potion of invisibility for 120 gold pieces
 66049 | Vaults:5 | Bought a potion of agility for 88 gold pieces
 66049 | Vaults:5 | Bought a potion of agility for 88 gold pieces
 66049 | Vaults:5 | Bought 2 potions of heal wounds for 220 gold pieces
 66049 | Vaults:5 | Bought a potion of agility for 88 gold pieces
 66070 | Vaults:5 | Bought a potion of heal wounds for 75 gold pieces
 66070 | Vaults:5 | Bought a potion of brilliance for 60 gold pieces
 66070 | Vaults:5 | Bought a potion of brilliance for 60 gold pieces
 66081 | Vaults:5 | Bought a scroll of blinking for 142 gold pieces
 66293 | D:11     | Bought a book of Spatial Translocations for 650 gold pieces
 66298 | D:11     | Learned a level 4 spell: Passage of Golubria
 66312 | D:11     | Bought a book of Geomancy for 525 gold pieces
 66435 | Orc:2    | Bought a wand of clouds (7) for 561 gold pieces
 66435 | Orc:2    | Bought a wand of clouds (6) for 510 gold pieces
 66588 | D:12     | Learned a level 2 spell: Blink
 66591 | D:12     | Learned a level 2 spell: Passwall
 66729 | Pan      | Entered the realm of Cerebov.
 66729 | Pan      | Entered Pandemonium
 66783 | Pan      | Reached skill level 1 in Transmutations
 66908 | Pan      | Reached skill level 6 in Translocations
 67152 | Pan      | Noticed Cerebov
 67156 | Pan      | Identified Rimebbir's Collected Works on Aid
 67166 | Pan      | Identified Voofaoli's Collected Works on Malediction
 67199 | Pan      | Killed Cerebov
 67199 | Pan      | Reached skill level 9 in Translocations
 67216 | Pan      | Got a fiery rune of Zot
 67389 | Pan      | Noticed Baiwn the pandemonium lord
 67402 | Pan      | Killed Baiwn the pandemonium lord
 67626 | Pan      | Noticed Geuku the pandemonium lord
 67645 | Pan      | Killed Geuku the pandemonium lord
 67836 | Pan      | Entered the realm of Gloorx Vloq.
 67918 | Pan      | Reached skill level 15 in Charms
 67961 | Pan      | Reached skill level 21 in Necromancy
 67962 | Pan      | Noticed Gloorx Vloq
 67978 | Pan      | Killed Gloorx Vloq
 67990 | Pan      | Got a dark rune of Zot
 68195 | Pan      | Entered the realm of Lom Lobon.
 68237 | Pan      | Reached skill level 9 in Stealth
 68363 | Pan      | Got a magical rune of Zot
 68364 | Pan      | Noticed Lom Lobon
 68400 | Pan      | Killed Lom Lobon
 68564 | Pan      | Reached skill level 22 in Necromancy
 68689 | Pan      | Entered the realm of Mnoleg.
 68689 | Pan      | Noticed Mnoleg
 68692 | Pan      | Gained mutation: Your body sometimes deteriorates upon
                  | taking damage. [a shining eye]
 68725 | Pan      | Killed Mnoleg
 68921 | Pan      | Got a glowing rune of Zot
 69385 | Pan      | Noticed Dotrem Nulir the pandemonium lord
 69396 | Pan      | Killed Dotrem Nulir the pandemonium lord
 69405 | Depths:3 | Escaped Pandemonium
 69504 | Pan      | Entered Pandemonium
 69504 | Pan      | Found a glowing silver altar of Zin.
 69512 | Pan      | Reached skill level 23 in Necromancy
 69976 | Pan      | Identified the +2 plate armour "Nyrog" {Int+3} (You took it
                  | off an angel in Pandemonium)
 70139 | Pan      | Found a white marble altar of Elyvilon.
 70706 | Pan      | Reached skill level 15 in Spellcasting
 70941 | Pan      | Reached skill level 24 in Necromancy
 70961 | Pan      | Found a glowing golden altar of the Shining One.
 70961 | Pan      | Noticed a seraph
 70972 | Pan      | Killed a seraph
 71084 | Pan      | Got a demonic rune of Zot
 71093 | Pan      | Identified the Volume of Freezing Ignition
 71096 | Pan      | Identified the +6 chain mail of Joy {rCorr} (You found it
                  | in Pandemonium)
 71284 | Depths:3 | Escaped Pandemonium
 71310 | Pan      | Entered Pandemonium
 71406 | Pan      | Found an exit through the horrors of the Abyss.
 71411 | Pan      | Took an exit into the Abyss.
 71411 | Abyss:1  | Escaped into the Abyss
 71411 | Abyss:1  | Found a corrupted altar of Lugonu.
 71450 | Abyss:2  | Found a corrupted altar of Lugonu.
 71589 | Abyss:3  | Got an abyssal rune of Zot
 71773 | Depths:3 | Escaped the Abyss
 72033 | Vaults:5 | Bought a potion of curing for 48 gold pieces
 72033 | Vaults:5 | Bought 2 potions of heal wounds for 160 gold pieces
 72033 | Vaults:5 | Bought a potion of curing for 48 gold pieces
 72033 | Vaults:5 | Bought a potion of magic for 128 gold pieces
 72054 | Vaults:5 | Bought 2 scrolls of magic mapping for 112 gold pieces
 72054 | Vaults:5 | Bought a scroll of teleportation for 48 gold pieces
 72068 | Vaults:5 | Bought a potion of mutation for 176 gold pieces
 72068 | Vaults:5 | Bought a potion of curing for 66 gold pieces
 72068 | Vaults:5 | Bought a potion of brilliance for 88 gold pieces
 72068 | Vaults:5 | Bought a potion of curing for 66 gold pieces
 72068 | Vaults:5 | Bought a potion of curing for 66 gold pieces
 72352 | Vaults:5 | Bought a scroll of enchant armour for 142 gold pieces
 72361 | Vaults:5 | Learned a level 8 spell: Death's Door
 72409 | Vaults:5 | Bought a wand of acid (9) for 494 gold pieces
 72409 | Vaults:5 | Bought a wand of iceblast (9) for 247 gold pieces
 72454 | Vaults:5 | Bought a potion of ambrosia for 120 gold pieces
 72461 | Vaults:5 | Bought a potion of ambrosia for 112 gold pieces
 72706 | Hell     | Entered the Vestibule of Hell
 72706 | Hell     | Noticed Geryon
 72730 | Hell     | Killed Geryon
 72808 | Hell     | Found a gateway to the decaying netherworld of Tartarus.
 72820 | Tar:1    | Entered Level 1 of Tartarus
 73335 | Tar:5    | You fall through a shaft!
 73440 | Tar:7    | Entered Level 7 of Tartarus
 73623 | Tar:7    | Noticed the Serpent of Hell
 73642 | Tar:7    | Killed the Serpent of Hell
 73729 | Tar:7    | Noticed Ereshkigal
 73750 | Tar:7    | Killed Ereshkigal
 73780 | Tar:7    | Got a bone rune of Zot
 73984 | Hell     | Learned a level 2 spell: Sublimation of Blood
 74018 | Hell     | Found a gateway to the Iron City of Dis.
 74034 | Dis:1    | Entered Level 1 of the Iron City of Dis
 74299 | Dis:7    | Entered Level 7 of the Iron City of Dis
 74696 | Dis:7    | Found the +8 Wrath of Trog {antimagic, *Rage}
 74859 | Dis:7    | Reached skill level 18 in Charms
 74964 | Dis:7    | Noticed Dispater
 74971 | Dis:7    | Reached skill level 25 in Necromancy
 75165 | Dis:7    | Killed Dispater
 75231 | Dis:7    | Got a faintly glowing steel ring
 75232 | Dis:7    | Identified the ring "Hiorgh" {rPois EV+1} (You found it on
                  | level 7 of the Iron City of Dis)
 75235 | Dis:7    | Got an iron rune of Zot
 75238 | Dis:7    | Identified Dispater's Almanac of the Escort
 75428 | Hell     | Found a gateway to the ashen valley of Gehenna.
 75440 | Geh:1    | Entered Level 1 of Gehenna
 75771 | Geh:7    | Entered Level 7 of Gehenna
 76160 | Geh:7    | Gained mutation: Armour fits poorly on your strangely
                  | shaped body. [mutagenic glow]
 76209 | Geh:7    | Lost mutation: Your mind is acute. (Int +2) [potion of
                  | mutation]
 76209 | Geh:7    | Lost mutation: Armour fits poorly on your strangely shaped
                  | body. [potion of mutation]
 76209 | Geh:7    | Lost mutation: Your body sometimes deteriorates upon taking
                  | damage. [potion of mutation]
 76209 | Geh:7    | Lost mutation: Your magical capacity is low. (-10% MP)
                  | [potion of mutation]
 76209 | Geh:7    | Gained mutation: Your muscles are strong. (Str +2) [potion
                  | of mutation]
 76209 | Geh:7    | Gained mutation: You have large cloven feet. [potion of
                  | mutation]
 76239 | Geh:7    | Noticed Asmodeus
 76283 | Geh:7    | Killed Asmodeus
 76304 | Geh:7    | Got an obsidian rune of Zot
 76480 | Hell     | Found a gateway to the freezing wastes of Cocytus.
 76505 | Hell     | Reached skill level 21 in Fighting
 76506 | Coc:1    | Entered Level 1 of Cocytus
 76600 | Coc:3    | Reached skill level 21 in Dodging
 76767 | Coc:6    | Reached skill level 18 in Armour
 76845 | Coc:7    | Entered Level 7 of Cocytus
 77301 | Coc:7    | Identified the amulet "Zashroen" {Gourm *Slow rPois rC++
                  | Stlth+} (You found it on level 7 of Cocytus)
 77353 | Coc:7    | Noticed Antaeus
 77385 | Coc:7    | Killed Antaeus
 77427 | Coc:7    | Got an icy rune of Zot
 77873 | Tomb:1   | Entered Level 1 of the Tomb of the Ancients
 78059 | Tomb:1   | Noticed a greater mummy
 78066 | Tomb:1   | Killed a greater mummy
 78086 | Tomb:2   | Noticed a greater mummy
 78098 | Tomb:2   | Killed a greater mummy
 78132 | Tomb:2   | Noticed a greater mummy
 78169 | Tomb:2   | Killed a greater mummy
 78204 | Tomb:2   | Noticed a greater mummy
 78213 | Tomb:2   | Killed a greater mummy
 78444 | Tomb:2   | Noticed a greater mummy
 78475 | Tomb:3   | Entered Level 3 of the Tomb of the Ancients
 78478 | Tomb:3   | Noticed a greater mummy
 78481 | Tomb:3   | Noticed a greater mummy
 78483 | Tomb:3   | Noticed a greater mummy
 78488 | Tomb:3   | Noticed a greater mummy
 78499 | Tomb:3   | Killed a greater mummy
 78501 | Tomb:3   | Noticed a greater mummy
 78528 | Tomb:3   | Killed a greater mummy
 78533 | Tomb:3   | Noticed a greater mummy
 78543 | Tomb:3   | Killed a greater mummy
 78585 | Tomb:3   | Killed a greater mummy
 78590 | Tomb:3   | Noticed a greater mummy
 78601 | Tomb:3   | Got a golden rune of Zot
 78618 | Tomb:3   | Killed a greater mummy
 78817 | Tomb:3   | Killed a greater mummy
 78963 | Tomb:3   | Noticed a greater mummy
 78964 | Tomb:3   | Noticed an ancient lich
 79694 | Zot:5    | Got the Orb of Zot
 80233 | D:$      | Escaped with the Orb!

Vault maps used:
D:1:      elethiomel_arrival_maze, minmay_domino_2
D:2:      tso_oasis_becter, eino_curves_04, uniq_robin, uniq_natasha
D:3:      first_ration, uniq_purgy, uniq_terence
D:4:      kennysheep_mini_moat, minmay_temple_entry_statues_fountains
D:5:      vehumet_altar_wand_db, lemuel_crystal_altar, kennysheep_nondescript,
          uniq_ijyb, uniq_blork_the_orc
D:6:      basic_altar, fedhas_bush_and_centaur_altar, uniq_crazy_yiuf_cottage,
          uniq_duvessa
D:7:      enter_bailey_2, glass_columns_c, eino_jars
D:8:      minmay_lair_entry_grove, uniq_gastronok
D:9:      minmay_orc_entry_temple_small, serial_shops,
          nicolae_shop_behind_doors, uniq_prince_ribbit1
D:10:     serial_shops, nicolae_shop_behind_doors
D:11:     serial_shops, nicolae_shop_temple_entry_statues_fountains, shop, shop,
          shop, uniq_grum, uniq_sonja, uniq_maurice
D:12:     hangedman_little_slice_of_home, uniq_psyche, uniq_rupert
D:13:     erik_vaults_2, minmay_fountain_box, nicolae_two_hexagons, uniq_snorg,
          uniq_azrael
D:14:     serial_shops, nicolae_shop_statue_plus, serial_curves, eino_curves_04,
          eino_curves_04
D:15:     hangedman_depths_entry_civil_slaughter, elyvilon_altar_5
Temple:   regret_index_temple_mists
Lair:1:   infiniplex_staircase_pool_2, grunt_megastairs_2
Lair:2:   beast_lair_carwin_large_1, minmay_swamp_entry_worms,
          minmay_snake_entry_guardpost_small, minmay_stone_trees_medium,
          st_stairs_8, lemuel_old_faithful
Lair:3:   fungi_pond_lemuel, beast_lair_carwin_8, wad_woods_river_01
Lair:4:   lab_entry_generic, serial_bayou_shore_b
Lair:5:   slime_altar_2, uniq_josephine
Lair:6:   minmay_lair_end_enchanted_forest
Swamp:1:  evilmike_swamp_ruin_rubble_2, swamp_pool1, nicolae_swamp_treefoil,
          grunt_witch_cave
Swamp:2:  serial_swamp_ruin, evilmike_swamp_ruin_house_6,
          evilmike_swamp_ruin_house_1, evilmike_swamp_ruin_house_2, swamp_pool5
Swamp:3:  hangedman_swamp_ruin_wall
Swamp:4:  swamp_icy, worms_lemuel, uniq_nikola, uniq_louise
Snake:1:  serial_bayou_pond_a
Snake:2:  grunt_ministairs_6, spider_trap
Snake:4:  grunt_snake_rune_serpentine_throne, serial_bayou_shore_a, uniq_kirke
Slime:1:  cheibrodos_slime_lost_civilization_9
Orc:1:    uniq_harold
Orc:2:    grunt_orc_tribal_feast, serial_shops, shop, basic_altar
Elf:1:    hangedman_elf_disciples
Elf:2:    uniq_agnes
Elf:3:    minmay_elf_hall_statues, serial_sigils, serial_sigils_hangedman_etch,
          serial_sigils_hangedman_quiver, serial_sigils_hangedman_snap,
          serial_sigils_hangedman_gut
Vaults:1: v_alt_pattern_4, vaults_dpeg_spiral, ontoclasm_vaults_gateway,
          v_misc_26, hangedman_vaults_stagger, nicolae_vaults_circle_grid_b,
          nicolae_vaults_three_branches, v_misc_23, ontoclasm_vaults_twist,
          nicolae_vaults_little_squares_2, v_misc_29, hangedman_vaults_snaps,
          serial_shops, bzr_entry_lakeside
Vaults:2: nicolae_vaults_network_star, v_pattern_5,
          nicolae_vaults_yaktaur_gun_rack, nicolae_vaults_little_squares_6,
          nicolae_vaults_inception_corners, hangedman_vaults_slither,
          ontoclasm_vaults_spin, vaults_dpeg_ring, vaults_dpeg_doors,
          nicolae_vaults_diagonal_hallway_6, ontoclasm_vaults_pinch,
          nicolae_vaults_shelves_hall, vaults_room_pools
Vaults:3: v_misc_30, blue_anna_dwarven_crypt, vaults_dpeg_diagonal,
          hangedman_vaults_slice, nicolae_vaults_theta,
          ontoclasm_vaults_ring_small, nicolae_vaults_little_squares_5,
          v_misc_19, vaults_room_fours, vaults_mumra_lcd, v_alt_pattern_6,
          nicolae_vaults_asterisk, dpeg_vaults_monster_box, serial_shops,
          shop_fountains
Vaults:4: ontoclasm_vaults_hangar, vaults_mumra_hexcomb,
          ontoclasm_vaults_ligature, ontoclasm_vaults_idyll,
          hangedman_vaults_stretched_pinwheel, vaults_room_door_hall,
          nicolae_vaults_little_squares_6, vaults_dpeg_hooks,
          nicolae_vaults_mini_display_case, serial_glass, uniq_mara
Vaults:5: serial_shops
Crypt:1:  nicolae_crypt_cryptocurrency, roderic_lattice_octagonal_star,
          uniq_donald, uniq_bai_suzhen
Crypt:2:  basic_altar, tombwall_bobbens, uniq_jory, uniq_khufu
Crypt:3:  lightli_unholy_cathedral, tomb_entry_forgotten_bobbens, uniq_xtahua
Depths:1: minmay_stepped, minmay_misc_feat_alley, pf_hell_entry_tar_river,
          minmay_misc_feat_ornament, grunt_ministairs_2, serial_bayou_ford_a,
          kennysheep_small_circle
Depths:2: minmay_the_grid_ultimate, hell_entry, abyss_entry, uniq_sojobo
Depths:3: giant_chief_lemuel, hangedman_geh_valley, abyss_entry,
          kennysheep_big_empty_room, grunt_pan_entry_zigzag,
          evilmike_spriggan_trog_shrine
Depths:4: minmay_bloctagon_deflated, columned_hall_lemuel,
          hangedman_abyss_entry_splay, grunt_hell_entry_dis_grunt
Depths:5: grunt_zot_entry_tricorne, interstate_on_off, grunt_mini_vestibule,
          uniq_boris
Dis:2:    hangedman_iron_city_apartments, hangedman_dis_decor_tower
Dis:4:    grunt_megastairs_3
Dis:6:    hangedman_dis_decor_blocks_mantle
Dis:7:    iron_city_of_dis, nrook_loot_triangle
Geh:1:    lemuel_hellion_isle
Geh:7:    evilmike_geh
Coc:1:    serial_ice
Coc:7:    coc_dpeg
Tar:5:    nicolae_tar_cuneiform_city
Tar:6:    grunt_megastairs_4
Tar:7:    tar_old
Zot:1:    zot_minivault_3
Zot:3:    zot_minivault_4, grunt_megastairs_1
Zot:4:    gammafunk_mikee_crab_dinner
Abyss:1:  evilmike_abyss_exit_12
Abyss:3:  nicolae_abyss_rune_star_stuff
Pan:      evilmike_cerebov_lava, grunt_pan_sceptre, rand_demon_8,
          nicolae_pan_mnolegish_2, evilmike_mini_pan_other_thingy,
          gloorx_vloq_grunt_torture_chamber, nicolae_pan_sigil_nadil,
          pan_disco_hall, pan_blood_fountain, nicolae_pan_mnolegish_2,
          grunt_pan_pentagram, rand_demon_8, pan_blood_fountain, lom_lobon,
          nicolae_pan_gloorx_vloqian_1, evilmike_mini_pan_V,
          evilmike_mini_pan_V, nicolae_pan_gloorx_vloqian_2,
          evilmike_mnoleg_eyes, rand_demon_2, nicolae_pan_glass_arcs,
          evilmike_holy_pan, grunt_pan_sceptre
Lab:      labyrinth_watery, nicolae_lab_checkerboard, nicolae_lab_flowing_pool,
          nicolae_lab_x, nicolae_lab_plus, labyrinth_skeletal_remains
Bazaar:   bazaar_kb_twisted_cavern
Bailey:   bailey_axe_2, bailey

Skill      XL: |  1  2  3  4  5  6  7  8  9 10 11 12 13 14 15 16 17 18 19 20 21 22 23 24 25 26 27 |
---------------+----------------------------------------------------------------------------------+-----
Fighting       | 2 3 4 5 6 8 10 12 13 14 15 17 18 20 22 | 22.8
Crossbows      | 2 |  2.0
Dodging        | 1 2 3 7 9 10 13 15 17 18 22 | 22.4
Evocations     | 2 3 5 10 | 10.0
Necromancy     | 2 4 5 7 9 10 12 25 | 25.0
Spellcasting   | 1 4 6 16 | 16.5
Staves         | 1 3 |  3.0
Polearms       | 9 10 12 13 16 18 | 18.6
Charms         | 1 3 5 8 10 18 | 18.0
Armour         | 2 5 6 9 11 14 15 19 | 19.7
Stealth        | 4 7 10 | 10.0
Shields        | 4 11 15 17 | 17.9
Hexes          | 7 |  7.0
Air Magic      | 6 10 12 | 12.0
Translocations | 2 5 9 |  9.1
Earth Magic    | 1 8 10 | 10.0
Summonings     | 1 5 |  5.0
Transmutations | 2 |  2.0
Bows           | |  2.6

Action                   |  1- 3 |  4- 6 |  7- 9 | 10-12 | 13-15 | 16-18 | 19-21 | 22-24 | 25-27 || total
-------------------------+-------+-------+-------+-------+-------+-------+-------+-------+-------++-------
Melee: Spear             |       |    27 |    26 |    10 |    34 |       |       |       |       ||    97
       Quarterstaff      |       |       |   146 |     3 |       |       |       |       |       ||   149
       Headbutt          |       |       |    20 |    77 |   196 |   230 |   286 |   330 |  1780 ||  2919
       Halberd           |       |       |    37 |   648 |   758 |       |       |       |       ||  1443
       Peck              |       |       |       |    23 |   180 |   238 |   289 |   297 |  1657 ||  2684
       Demon trident     |       |       |       |       |   546 |  1441 |  1468 |  1308 |  5586 || 10349
 Fire: Hand crossbow     |    92 |   223 |   206 |     8 |       |       |       |       |       ||   529
       Shortbow          |    10 |       |       |   149 |    65 |       |       |       |       ||   224
       Blowgun           |       |       |       |       |       |     2 |       |       |       ||     2
Throw: Tomahawk          |       |       |     5 |     2 |     1 |       |       |       |       ||     8
       Javelin           |       |       |       |       |     4 |       |       |       |       ||     4
       Throwing net      |       |       |       |       |       |       |       |       |     5 ||     5
 Cast: Animate Skeleton  |       |       |    18 |    37 |    27 |    16 |    35 |    19 |     4 ||   156
       Regeneration      |       |       |       |    43 |    90 |    63 |    72 |    55 |   284 ||   607
       Pain              |       |       |       |     8 |     4 |     1 |       |       |       ||    13
       Animate Dead      |       |       |       |    21 |    58 |    54 |    37 |    25 |    63 ||   258
       Song of Slaying   |       |       |       |       |       |       |     1 |     7 |    13 ||    21
       Spectral Weapon   |       |       |       |       |       |       |       |     6 |   101 ||   107
       Apportation       |       |       |       |       |       |       |       |       |    74 ||    74
       Dispel Undead     |       |       |       |       |       |       |       |       |     4 ||     4
       Borgnjor's Vile C |       |       |       |       |       |       |       |       |    57 ||    57
       Infestation       |       |       |       |       |       |       |       |       |    44 ||    44
       Summon Lightning  |       |       |       |       |       |       |       |       |    39 ||    39
       Deflect Missiles  |       |       |       |       |       |       |       |       |    16 ||    16
       Passwall          |       |       |       |       |       |       |       |       |    16 ||    16
       Blink             |       |       |       |       |       |       |       |       |    15 ||    15
       Lesser Beckoning  |       |       |       |       |       |       |       |       |    12 ||    12
       Passage of Golubr |       |       |       |       |       |       |       |       |     3 ||     3
Invok: Receive Corpses   |       |       |       |       |     3 |     2 |     1 |       |     1 ||     7
       Brand Weapon With |       |       |       |       |     1 |       |       |       |       ||     1
 Abil: Evoke Invisibilit |       |       |       |       |     1 |       |       |       |       ||     1
Evoke: Wand              |       |     9 |    22 |    25 |    33 |    37 |    15 |    19 |    63 ||   223
       Lightning rod     |       |       |       |       |     4 |     4 |    11 |     4 |     4 ||    27
       Phantom mirror    |       |       |       |       |       |       |       |     1 |     3 ||     4
       Lamp of fire      |       |       |       |       |       |       |       |     3 |     7 ||    10
       Box of beasts     |       |       |       |       |       |       |       |       |     4 ||     4
       Horn of Geryon    |       |       |       |       |       |       |       |       |     1 ||     1
  Use: Potion            |       |     3 |     2 |     7 |     2 |       |     2 |     4 |    50 ||    70
       Scroll            |       |     1 |     5 |    12 |    24 |     5 |    14 |     5 |    77 ||   143
 Stab: Paralysed         |       |    13 |    19 |    10 |     5 |     1 |     2 |     2 |     9 ||    61
       Sleeping          |       |     1 |       |     2 |    15 |    10 |    17 |       |    32 ||    77
       Distracted        |       |       |       |     3 |     9 |     9 |     5 |    11 |   136 ||   173
       Invisible         |       |       |       |       |     1 |       |       |       |     3 ||     4
       Fleeing           |       |       |       |       |       |       |     1 |       |       ||     1
       Held in net/web   |       |       |       |       |       |       |       |       |     6 ||     6
  Eat: Chunk             |     2 |    10 |    11 |    36 |    30 |    27 |    32 |    24 |     9 ||   181
       Ration            |       |       |     2 |     1 |    11 |     7 |     5 |     3 |    47 ||    76
Armor: Robe              |     6 |       |       |       |       |       |       |       |       ||     6
       Ring mail         |       |    39 |   107 |   276 |    65 |    35 |       |       |       ||   522
       Scale mail        |       |       |       |       |   250 |     5 |       |       |       ||   255
       Swamp dragon scal |       |       |       |       |       |   152 |    83 |       |       ||   235
       Plate armour      |       |       |       |       |       |       |    75 |   275 |    60 ||   410
       Ice dragon scales |       |       |       |       |       |       |       |       |   937 ||   937
       Pearl dragon scal |       |       |       |       |       |       |       |       |    47 ||    47
       Skin              |       |       |       |       |       |       |       |       |     1 ||     1
Dodge: Dodged            |    20 |    81 |   168 |   324 |   474 |   359 |   322 |   309 |  2700 ||  4757
       Deflected         |       |       |       |       |       |       |       |       |   128 ||   128
Block: Buckler           |       |       |       |       |    70 |       |       |       |       ||    70
       Reflection        |       |       |       |       |     3 |       |       |       |     6 ||     9
       Shield            |       |       |       |       |       |   137 |   134 |   541 |  3091 ||  3903
       Large shield      |       |       |       |       |       |   555 |   534 |       |       ||  1089

Table legend:
 A = Non-vault XP
 B = Vault XP
 C = Vault XP percentage of total XP
 D = Non-vault monster count
 E = Vault monster count
 F = Vault count percentage of total count
                 A         B        C        D         E       F
            +---------+---------+-------+---------+---------+-------
      Total | 1397820 | 1740936 |  55.5 |    2449 |    1511 |  38.2
            +---------+---------+-------+---------+---------+-------
        D:1 |      56 |       0 |   0.0 |      25 |       0 |   0.0
        D:2 |     397 |      72 |  15.4 |      43 |      14 |  24.6
        D:3 |     122 |     177 |  59.2 |      27 |       2 |   6.9
        D:4 |     447 |       0 |   0.0 |      19 |       0 |   0.0
        D:5 |    1100 |     156 |  12.4 |      33 |       3 |   8.3
        D:6 |     456 |     307 |  40.2 |      17 |       4 |  19.0
        D:7 |    1377 |     556 |  28.8 |      42 |       9 |  17.6
        D:8 |     964 |    3482 |  78.3 |      23 |      13 |  36.1
        D:9 |    1660 |     387 |  18.9 |      20 |      12 |  37.5
       D:10 |    1963 |     449 |  18.6 |      20 |       1 |   4.8
       D:11 |    5254 |     963 |  15.5 |      36 |       6 |  14.3
       D:12 |    4845 |    3520 |  42.1 |      45 |      11 |  19.6
       D:13 |    5053 |   11281 |  69.1 |      20 |      15 |  42.9
       D:14 |    7809 |       0 |   0.0 |      29 |       0 |   0.0
       D:15 |    2229 |    5011 |  69.2 |      10 |       6 |  37.5
     Lair:1 |    1661 |     848 |  33.8 |       8 |       1 |  11.1
     Lair:2 |    5294 |    2342 |  30.7 |      26 |      16 |  38.1
     Lair:3 |    3046 |    2085 |  40.6 |      17 |       7 |  29.2
     Lair:4 |    2874 |       0 |   0.0 |      13 |       0 |   0.0
     Lair:5 |    6072 |    2129 |  26.0 |      27 |      11 |  28.9
     Lair:6 |    9077 |    6689 |  42.4 |      37 |      43 |  53.8
    Swamp:1 |   15639 |    3587 |  18.7 |      43 |       4 |   8.5
    Swamp:2 |    5250 |     384 |   6.8 |      17 |       3 |  15.0
    Swamp:3 |   12805 |       0 |   0.0 |      44 |       0 |   0.0
    Swamp:4 |   12798 |   20141 |  61.1 |      33 |      49 |  59.8
    Snake:1 |   13110 |       0 |   0.0 |      26 |       0 |   0.0
    Snake:2 |   11259 |    2225 |  16.5 |      30 |       2 |   6.2
    Snake:3 |   14479 |       0 |   0.0 |      35 |       0 |   0.0
    Snake:4 |   25695 |   39412 |  60.5 |      61 |      66 |  52.0
    Slime:1 |    8980 |       0 |   0.0 |      12 |       0 |   0.0
    Slime:2 |   15923 |       0 |   0.0 |      25 |       0 |   0.0
    Slime:3 |    5259 |       0 |   0.0 |      10 |       0 |   0.0
    Slime:4 |     484 |       0 |   0.0 |       1 |       0 |   0.0
    Slime:5 |   11901 |   30437 |  71.9 |      14 |      12 |  46.2
      Orc:1 |    5641 |    1028 |  15.4 |      60 |       1 |   1.6
      Orc:2 |     527 |    7420 |  93.4 |       9 |      30 |  76.9
      Elf:1 |   18068 |    5521 |  23.4 |      28 |       9 |  24.3
      Elf:2 |   16566 |   26191 |  61.3 |      28 |      30 |  51.7
      Elf:3 |   11741 |   49778 |  80.9 |      20 |      32 |  61.5
   Vaults:1 |   16500 |   15062 |  47.7 |      28 |      22 |  44.0
   Vaults:2 |   25840 |   17541 |  40.4 |      59 |      33 |  35.9
   Vaults:3 |   24068 |   19527 |  44.8 |      41 |      25 |  37.9
   Vaults:4 |   48963 |   13742 |  21.9 |      74 |      12 |  14.0
   Vaults:5 |   28658 |  137903 |  82.8 |      39 |     100 |  71.9
    Crypt:1 |   43757 |    6806 |  13.5 |      63 |       2 |   3.1
    Crypt:2 |   41764 |   24833 |  37.3 |      50 |      13 |  20.6
    Crypt:3 |   21735 |   45635 |  67.7 |      34 |      33 |  49.3
     Tomb:1 |    6239 |   23140 |  78.8 |      13 |      28 |  68.3
     Tomb:2 |    4812 |   31952 |  86.9 |      21 |      28 |  57.1
     Tomb:3 |    7321 |   78731 |  91.5 |      12 |      67 |  84.8
   Depths:1 |   26445 |   17175 |  39.4 |      34 |      22 |  39.3
   Depths:2 |       0 |  172169 | 100.0 |       0 |     132 | 100.0
   Depths:3 |   38603 |   49621 |  56.2 |      43 |      58 |  57.4
   Depths:4 |   46080 |    6934 |  13.1 |      52 |       4 |   7.1
   Depths:5 |   62563 |   27410 |  30.5 |      65 |      21 |  24.4
       Hell |    8214 |   20057 |  70.9 |      10 |      32 |  76.2
      Dis:2 |   10462 |    4813 |  31.5 |      21 |      12 |  36.4
      Dis:3 |    1446 |       0 |   0.0 |       1 |       0 |   0.0
      Dis:4 |     358 |    1705 |  82.6 |       1 |       2 |  66.7
      Dis:6 |     352 |       0 |   0.0 |       1 |       0 |   0.0
      Dis:7 |   33749 |   83503 |  71.2 |      65 |      57 |  46.7
      Geh:2 |     200 |       0 |   0.0 |       1 |       0 |   0.0
      Geh:3 |   20950 |       0 |   0.0 |      39 |       0 |   0.0
      Geh:4 |    3176 |       0 |   0.0 |       7 |       0 |   0.0
      Geh:6 |   10156 |       0 |   0.0 |      19 |       0 |   0.0
      Geh:7 |   14001 |   59710 |  81.0 |      30 |      36 |  54.5
      Coc:1 |    2924 |       0 |   0.0 |       1 |       0 |   0.0
      Coc:2 |    1138 |       0 |   0.0 |       3 |       0 |   0.0
      Coc:3 |   26916 |       0 |   0.0 |      17 |       0 |   0.0
      Coc:4 |    5019 |       0 |   0.0 |      15 |       0 |   0.0
      Coc:6 |   14976 |       0 |   0.0 |      22 |       0 |   0.0
      Coc:7 |   31795 |   53159 |  62.6 |      70 |      31 |  30.7
      Tar:3 |   30998 |       0 |   0.0 |      27 |       0 |   0.0
      Tar:4 |    6983 |       0 |   0.0 |      12 |       0 |   0.0
      Tar:5 |   20298 |       0 |   0.0 |      19 |       0 |   0.0
      Tar:6 |   14487 |       0 |   0.0 |      13 |       0 |   0.0
      Tar:7 |   41592 |   44919 |  51.9 |      52 |      28 |  35.0
      Zot:1 |   44013 |   20426 |  31.7 |      31 |      11 |  26.2
      Zot:2 |   32859 |       0 |   0.0 |      23 |       0 |   0.0
      Zot:3 |   49004 |   25740 |  34.4 |      28 |      14 |  33.3
      Zot:4 |   55183 |   28797 |  34.3 |      36 |      16 |  30.8
      Zot:5 |   41679 |  197218 |  82.6 |      25 |      45 |  64.3
    Abyss:2 |    6041 |       0 |   0.0 |      19 |       0 |   0.0
    Abyss:3 |    4055 |    5446 |  57.3 |      14 |       7 |  33.3
        Pan |  153567 |  278408 |  64.5 |     166 |     171 |  50.7
        Lab |       0 |    1461 | 100.0 |       0 |       3 | 100.0
     Bailey |       0 |     815 | 100.0 |       0 |      34 | 100.0
            +---------+---------+-------+---------+---------+-------
